Cogmind - Beta 11.1 @@@ ROGUE MODE // 2022.05.16 @ 22:49:58 Player: RNGesus Result: Establishing 0b11! Performance ------------- Evolutions (9) 4500 Regions Visited (35) 7000 Robots Destroyed (600) 3000 Value Destroyed (30846) 30846 Prototype IDs (296) 5920 Alien Tech Used (6) 1200 Bonus (42075) 42075 TOTAL SCORE: 94541 Bonus ------- High Alert Combat Kills 5966 Follower Combat Kills 2522 Network Hubs Disabled 200 Destroyed Z-Imprinter 1000 Triggered Deep Caves Wall 500 Exposed GOLEM Chamber 500 Met Zhirov 300 Met Warlord at Base 500 MAIN.C Attacked Warlord 500 Warlord Defense Kills 328 Built Enhanced Grunts 300 A7 Reached Mainframe 300 Met R17 at Cetus 500 Met R17 at Research 2000 Met Warlord at Research 2000 Scanned by Researcher 1000 Pursued by Intercept 1000 Destroyed MAIN.C Guards 500 Met MAIN.C 5000 Hacked MAIN.C 300 Destroyed MAIN.C Shell 5000 Destroyed MAIN.C 10000 Win 3000 Friendly Fire -1141 Cogmind --------- Core Integrity 1266/1600 Matter 278/300 Energy 687/700 System Corruption 22% Temperature Cool (13) Movement Treading (247) Ox1 Location 0b11 Command Parts ------- > --- POWER (3) -------- Vortex Chain Reactor > --- PROPULSION (4) --- Improved Heavy Siege Treads Biometal Heavy Treads > --- UTILITY (12) ----- Advanced Power Amplifier Experimental Cooling System Experimental Cooling System Experimental Cooling System Huge Storage Unit Spectral Analyzer Assembled Combat Suite Experimental Targeting Computer Particle Accelerator Quantum Capacitor Experimental Phase Shifter > --- WEAPON (6) ------- HERF Cannon Enhanced Nova Cannon Heavy Linear Accelerator > --- INVENTORY (25) --- Vortex Chain Reactor Armored Heavy Treads Improved Heavy Siege Treads Advanced Heavy Siege Treads Advanced Terrain Scanner Improved Core Shielding Layered Heavy Armor Plating Phase Armor Graphene Brace Experimental Thermal Shield Advanced Force Field Compact HERF Cannon Compact HERF Cannon Gamma Bomb Array Advanced Remote Datajack Peak State ------------ > --- POWER ------------ Light Particle Reactor Vortex Chain Reactor > --- PROPULSION ------- Improved Heavy Siege Treads Biometal Heavy Treads > --- UTILITY ---------- Advanced Power Amplifier Experimental Cooling System Experimental Cooling System Experimental Cooling System Huge Storage Unit Spectral Analyzer Assembled Combat Suite Experimental Targeting Computer Particle Accelerator Experimental Phase Shifter Phase Armor > --- WEAPON ----------- BFG-9k Vortex Edition > --- INVENTORY -------- Vortex Chain Reactor Improved Heavy Siege Treads Advanced Terrain Scanner Quantum Capacitor Improved Core Shielding Graphene Brace Experimental Thermal Shield Advanced Force Field Enhanced Nova Cannon Advanced Remote Datajack [Rating: 252] Favorites ----------- Power Assembled Flux Generator Engine Reinforced Deuterium Engine Power Core Light Nuclear Core Reactor Assembled Flux Generator Propulsion Assembled Alloy Leg Treads Armored Treads Leg Assembled Alloy Leg Wheel Armored Huge Wheel Flight Unit Improved Flight Unit Utility Huge Storage Unit Device GOLEM Unit Storage Huge Storage Unit Processor Machine Analyzer Hackware Advanced Hacking Suite Protection Assembled Alloy Armor Artifact Phase Armor Weapon Assembled Focal Cannon Energy Gun Heavy Laser Energy Cannon Assembled Focal Cannon Ballistic Gun Gauss Rifle Ballistic Cannon Heavy Linear Accelerator Launcher Ragnarok Missile Launcher Special Weapon Advanced Remote Datajack Impact Weapon Heavy Flail Slashing Weapon Makeshift Sword Piercing Weapon Heavy Pick Build | -11 -10 -10 -9 -9 -9 -8 -8 -7 -7 -7 -7 -7 -6 -6 -6 -6 -6 -6 -5 -5 -5 -5 -4 -4 -4 -4 -4 -3 -3 -3 -2 -2 -2 -1 -1 ------- Run | Scr Mat Min Mat Min Exi Min Mat Fac Low Low Zio Dee Pro Fac Ext Cet Arc Hub Fac Upp Upp Zhi Pro Fac Upp Upp War Pro Res Tes Res Qua Sec Acc Com Slots Evolved 18 | . . . 2 . . . 2 2 . . . . . 2 . . . . 2 . . . . 2 . . . . 2 . 2 . . 2 . Power 2 | . . . . . . . . . . . . . . 1 . . . . . . . . . . . . . . . . 1 . . . . Propulsion 2 | . . . 1 . . . 1 . . . . . . . . . . . . . . . . . . . . . . . . . . . . Utility 10 | . . . 1 . . . 1 2 . . . . . 1 . . . . 2 . . . . 2 . . . . 1 . . . . . . Weapon 4 | . . . . . . . . . . . . . . . . . . . . . . . . . . . . . 1 . 1 . . 2 . Parts Attached 387 | 6 7 3 32 4 1 6 31 27 . 5 5 33 1 14 4 4 4 6 4 2 . 6 1 11 7 8 10 2 14 23 16 17 30 18 25 Power 21 | 1 . 1 3 . . . 4 2 . . . 1 . . 1 . . . . . . . . . . . . . . . 1 1 2 3 1 Engine 7 | 1 . 1 3 . . . 1 1 . . . . . . . . . . . . . . . . . . . . . . . . . . . Core 3 | . . . . . . . 3 . . . . . . . . . . . . . . . . . . . . . . . . . . . . Reactor 11 | . . . . . . . . 1 . . . 1 . . 1 . . . . . . . . . . . . . . . 1 1 2 3 1 Propulsion 69 | 2 3 1 12 . . 1 14 7 . . . 3 . 4 1 1 . . 1 . . 2 . . 1 . 1 . . 3 1 4 4 1 2 Treads 37 | 2 3 1 12 . . 1 10 2 . . . 1 . . . 1 . . 1 . . . . . . . . . . . . . . 1 2 Leg 25 | . . . . . . . 3 2 . . . 2 . 2 . . . . . . . 2 . . 1 . 1 . . 3 1 4 4 . . Wheel 6 | . . . . . . . . 3 . . . . . 2 1 . . . . . . . . . . . . . . . . . . . . Hover . | . . . . . . . . . . . . . . . . . . . . . . . . . . . . . . . . . . . . Flight 1 | . . . . . . . 1 . . . . . . . . . . . . . . . . . . . . . . . . . . . . Utility 145 | 1 1 . 5 . 1 1 8 7 . 1 . 15 . . 2 1 2 3 3 . . 4 . 8 3 4 7 . 10 11 6 10 15 5 11 Device 69 | . . . 1 . . . 2 3 . . . 3 . . 1 . . 1 1 . . 2 . 5 2 3 4 . 4 8 3 5 8 5 8 Storage 11 | 1 1 . . . 1 . 1 1 . . . 1 . . . . 1 . . . . . . . . . 1 . 1 1 . . 1 . . Processor 11 | . . . 1 . . . 3 1 . . . 1 . . . . . . . . . . . . . . 2 . 1 . 1 1 . . . Hackware 4 | . . . . . . . . . . . . . . . . . . 1 . . . . . 1 . . . . . . . . 2 . . Protection 49 | . . . 3 . . 1 2 2 . 1 . 10 . . 1 1 1 1 2 . . 2 . 2 1 1 . . 4 2 2 4 4 . 2 Artifact 1 | . . . . . . . . . . . . . . . . . . . . . . . . . . . . . . . . . . . 1 Weapon 152 | 2 3 1 12 4 . 4 5 11 . 4 5 14 1 10 . 2 2 3 . 2 . . 1 3 3 4 2 2 4 9 8 2 9 9 11 Energy Gun 14 | 2 . . . . . . 1 1 . . . 6 . 2 . 1 . . . . . . . . . . 1 . . . . . . . . Energy Cannon 31 | . . . . . . . . 1 . 2 . 2 . 2 . . . . . . . . . 2 . . 1 . 1 4 3 . 3 4 6 Ballistic Gun 43 | . 3 1 12 2 . 2 3 5 . 1 3 2 . 1 . 1 1 2 . . . . . . . . . . . . . . . 2 2 Ballistic Cannon 3 | . . . . . . . . . . . . . . . . . . . . . . . . 1 . . . . . 1 . . . . 1 Launcher 48 | . . . . 2 . 2 1 3 . 1 1 3 1 2 . . 1 . . 2 . . 1 . 3 4 . 2 3 4 3 2 4 2 1 Special Weapon 9 | . . . . . . . . . . . . . . 3 . . . . . . . . . . . . . . . . 2 . 2 1 1 Impact Weapon 2 | . . . . . . . . . . . 1 1 . . . . . . . . . . . . . . . . . . . . . . . Slashing Weapon 1 | . . . . . . . . 1 . . . . . . . . . . . . . . . . . . . . . . . . . . . Piercing Weapon 1 | . . . . . . . . . . . . . . . . . . 1 . . . . . . . . . . . . . . . . . Special Melee Weapon . | . . . . . . . . . . . . . . . . . . . . . . . . . . . . . . . . . . . . Unidentified Prototypes 55 | . . . 1 . . . 1 . . . 1 9 . 4 . 4 1 . . 1 . 4 . 2 . 1 7 . 2 6 3 1 2 3 2 Parts Lost 100 | . 1 3 12 . . 3 9 9 . 1 . 3 2 . 1 . 5 4 3 . 1 . . 8 6 1 1 . 2 1 2 6 6 3 7 Power 12 | . . 1 1 . . . 2 1 . . . . 1 . . . . 1 . . 1 . . . . . 1 . . . . 1 1 . 1 Propulsion 17 | . . 1 5 . . 1 2 3 . . . . . . . . 1 . . . . . . . . . . . . . 1 . 1 2 . Utility 42 | . . . 2 . . 2 3 2 . 1 . 1 . . 1 . 2 1 2 . . . . 6 6 1 . . 2 1 1 2 2 . 4 Weapon 29 | . 1 1 4 . . . 2 3 . . . 2 1 . . . 2 2 1 . . . . 2 . . . . . . . 3 2 1 2 Highest Loss Streak 6 | . 1 2 5 . . 1 3 4 . 1 . 1 2 . 1 . 5 4 1 . 1 . . 4 6 1 1 . 2 1 1 3 3 1 2 To Critical Strikes 2 | . . . . . . . . . . . . . . . . . . . . . 1 . . 1 . . . . . . . . . . . Average Slot Usage (%) 86 | . 84 84 88 100 100 93 97 88 92 92 91 79 82 77 79 80 73 78 81 82 82 85 88 88 87 88 87 88 89 89 86 90 89 77 69 Engine 2 | . 14 13 10 11 11 11 . . 7 7 7 1 . . . . . . . . . . . . . . . . . . . . . . . Reactor 4 | . . . . . . . . 5 . . . 5 5 5 6 6 6 6 5 5 5 5 5 5 5 5 5 5 4 4 5 7 7 7 5 Treads 9 | . 27 28 32 33 33 32 31 10 15 15 15 11 . . . 5 6 6 5 5 5 2 . . . . . . . . . . . . 7 Leg 10 | . . . . . . . 4 11 . . . 2 15 12 12 13 12 13 10 11 11 17 23 21 20 21 21 21 19 18 16 16 16 11 . Wheel 1 | . . . . . . . . 3 7 7 7 7 7 5 6 . . . . . . . . . . . . . . . . . . . . Device 12 | . . . 4 11 11 5 2 7 7 7 7 4 7 12 9 6 9 6 11 11 11 10 11 22 24 17 14 15 19 18 17 17 18 17 30 Storage 9 | . 14 14 11 11 11 11 9 7 7 7 7 7 15 13 13 13 13 13 11 11 11 11 11 10 10 10 10 10 9 9 8 8 8 8 5 Processor 11 | . . . . . . . 14 16 23 23 23 20 15 13 13 13 13 13 11 11 11 11 11 10 10 10 10 15 13 14 13 13 13 12 8 Protection 6 | . . . 7 11 11 11 7 6 7 7 7 3 . . 2 6 1 1 10 11 11 11 11 7 5 12 14 10 8 9 7 7 6 . . Energy Cannon 7 | . . . . . . . . . . 2 2 3 14 9 12 13 7 11 11 10 11 11 10 9 9 9 9 9 13 13 14 12 11 7 6 Ballistic Gun 5 | . 14 28 21 21 22 21 16 9 15 12 11 1 . . . . . . . . . . . . . . . . . . . . . 1 1 Naked Turns . | . . . . . . . . . . . . . . . . . . . . . . . . . . . . . . . . . . . . Heaviest Build 229 | 13 28 28 37 33 53 53 103 122 108 113 113 122 122 153 155 159 159 155 169 169 169 169 169 170 167 185 185 181 203 202 211 222 229 194 208 Greatest Support 150 | 40 40 40 63 60 60 60 82 69 28 28 28 28 28 75 60 60 60 60 60 60 60 120 120 140 140 140 120 120 140 120 118 120 120 115 150 Greatest Overweight (x) 12 | . 1 . . . . . 2 12 3 4 4 4 4 5 5 5 4 2 5 2 2 2 1 1 2 1 1 1 1 1 2 2 2 2 2 Average Overweight (x) 1 | . . . . . . . . 4 3 3 3 3 3 4 3 2 2 1 2 2 2 1 1 1 1 1 1 1 1 1 1 1 1 1 1 Largest Inventory Capacity 25 | 8 15 15 15 15 20 20 25 25 25 25 25 25 25 25 25 25 25 25 25 25 25 25 25 25 25 25 25 25 25 25 25 25 25 25 25 Average Capacity 23 | 7 14 15 15 15 17 20 24 25 25 25 25 25 25 25 25 25 25 25 25 25 25 25 25 25 25 25 25 25 25 25 25 25 25 25 25 Most Carried 25 | 2 8 11 15 15 15 15 25 25 25 25 25 25 25 25 25 25 25 25 25 25 25 25 25 25 25 25 25 25 25 25 25 25 25 25 25 Average Carried 22 | 1 5 9 14 15 15 14 21 24 25 24 24 23 24 24 22 24 23 23 22 24 25 24 24 24 22 23 24 24 24 24 24 24 24 22 20 Final Capacity 25 | 8 15 15 15 15 20 20 25 25 25 25 25 25 25 25 25 25 25 25 25 25 25 25 25 25 25 25 25 25 25 25 25 25 25 25 25 Final Carried 25 | 2 8 11 15 15 15 12 25 25 25 24 25 25 24 25 21 25 23 22 25 25 25 25 25 25 22 25 25 25 25 25 25 25 24 24 21 Class Distribution -------------------- 39% | Golem 18% | Mutant 16% | Scavenger-Mutant 9% | Generator-Mutant 9% | Generator-Golem 4% | Commander-Golem Dominant Class ---------------- Mutant | -10/Materials Mutant | -10/Mines Scavenger-Mutant | -9/Materials Scavenger-Mutant | -9/Mines Scavenger-Mutant | -9/Exiles Scavenger-Mutant | -8/Mines Mutant | -8/Materials Scavenger-Mutant | -7/Factory Scavenger-Mutant | -7/Lower Caves Scavenger-Mutant | -7/Lower Caves Scavenger-Mutant | -7/Zion Mutant | -7/Deep Caves Golem | -6/Proximity Caves Golem | -6/Factory Commander-Golem | -6/Extension Commander-Golem | -6/Cetus Golem | -6/Archives Golem | -6/Hub_04(d) Golem | -5/Factory Golem | -5/Upper Caves Golem | -5/Upper Caves Golem | -5/Zhirov Golem | -4/Proximity Caves Golem | -4/Factory Golem | -4/Upper Caves Golem | -4/Upper Caves Golem | -4/Warlord Golem | -3/Proximity Caves Golem | -3/Research Golem | -3/Testing Generator-Golem | -2/Research Generator-Golem | -2/Quarantine Generator-Mutant | -2/Section 7 Generator-Mutant | -1/Access Generator-Mutant | -1/Command Resources | -11 -10 -10 -9 -9 -9 -8 -8 -7 -7 -7 -7 -7 -6 -6 -6 -6 -6 -6 -5 -5 -5 -5 -4 -4 -4 -4 -4 -3 -3 -3 -2 -2 -2 -1 -1 ----------- Run | Scr Mat Min Mat Min Exi Min Mat Fac Low Low Zio Dee Pro Fac Ext Cet Arc Hub Fac Upp Upp Zhi Pro Fac Upp Upp War Pro Res Tes Res Qua Sec Acc Com Matter Collected 10944 | 220 285 89 1143 166 . 176 1370 656 50 112 67 668 112 309 82 46 . 250 49 . 110 59 102 81 288 351 799 137 388 295 326 375 837 343 603 Remotely . | . . . . . . . . . . . . . . . . . . . . . . . . . . . . . . . . . . . . Salvage Created 29139 | . 546 96 1549 171 . 510 2063 1579 . 184 . 668 193 635 1440 251 265 956 1942 34 73 102 687 1340 505 605 255 442 867 1585 830 2058 3929 753 2026 Parts 1456 | . 49 7 110 19 . 19 116 96 . 10 . 25 8 38 71 7 12 68 83 3 3 1 24 77 24 23 4 11 28 84 41 123 168 46 58 Haulers Intercepted 22 | . 2 . 4 . . . 4 4 . . . . . 2 . . . . 2 . . . . 1 . 1 . . . . . . 1 1 . Recyclers Shooed 8 | . . . 3 1 . . 1 . . . . . . . . . . . . . . . . 3 . . . . . . . . . . . Parts Field Recycled . | . . . . . . . . . . . . . . . . . . . . . . . . . . . . . . . . . . . . Retrieved Matter . | . . . . . . . . . . . . . . . . . . . . . . . . . . . . . . . . . . . . Parts Self-Destructed 68 | . . . . . . . . . 4 13 . . 4 . . . . . . 2 . 1 22 . 4 9 . 9 . . . . . . . Prevented 3 | . . . . . . . . . . . . . . . . . . . . . . . . . 3 . . . . . . . . . . Kills | -11 -10 -10 -9 -9 -9 -8 -8 -7 -7 -7 -7 -7 -6 -6 -6 -6 -6 -6 -5 -5 -5 -5 -4 -4 -4 -4 -4 -3 -3 -3 -2 -2 -2 -1 -1 ------- Run | Scr Mat Min Mat Min Exi Min Mat Fac Low Low Zio Dee Pro Fac Ext Cet Arc Hub Fac Upp Upp Zhi Pro Fac Upp Upp War Pro Res Tes Res Qua Sec Acc Com Combat Hostiles Destroyed 544 | . 14 9 30 11 . 9 41 26 . 5 . 46 7 13 14 2 11 14 29 4 1 . 13 21 16 19 2 11 15 26 14 25 52 17 27 Guns 124 | . 14 9 30 3 . 4 38 15 . 1 . 6 . 1 . . . 3 . . . . . . . . . . . . . . . . . Cannons 231 | . . . . . . . . 1 . 1 . . 3 5 14 2 . 11 29 . 1 . 9 20 6 3 2 4 7 19 10 22 33 6 23 AOE 178 | . . . . 8 . 5 3 10 . 3 . 39 4 7 . . 11 . . 4 . . 4 . 10 16 . 7 8 4 4 3 17 11 . Classes Destroyed 31 | . 6 1 3 1 . 1 4 1 . . . 3 1 . . . . . . . 1 . . . 1 . . . 1 . 2 1 3 1 . Worker 16 | . 1 . 1 1 . 4 1 4 . . . . . . . . . 2 . . . . . . . . . . . . . . 1 1 . Builder 16 | . 1 . 1 . . . 2 2 . . . . . 1 1 . . 1 1 . . . . 1 . . . . . 2 . . 3 . . Tunneler 2 | . . . 1 . . . . . . . . . . . . . . . . . . . . . . . . . . . 1 . . . . Hauler 22 | . 2 . 4 . . . 4 4 . . . . . 2 . . . . 2 . . . . 1 . 1 . . . . . . 1 1 . Recycler 9 | . . . . . . 1 . 2 . . . . . . 4 . . . . . . . . . . . . . . . . 1 1 . . Carrier 1 | . . . . . . . . . . . . . . . . . . . . . . . . . . . . . . . . . 1 . . Mechanic 1 | . . . . . . . . . . . . . . . . . . . . . . . . . . . . . . . . . 1 . . Operator 16 | . 2 . 5 . . . . 1 . . . . . 1 . . . 2 1 . . . . 1 . . . . 1 . 1 . 1 . . Watcher 12 | . . . . . . . 2 1 . . . . . . 2 2 . 1 . . . . . 1 . . . . . 1 . 2 . . . Swarmer 101 | . 8 3 3 8 . . 10 4 . 4 . . 3 7 . . . . 3 4 . . 4 6 9 9 . 1 . 5 4 . . 6 . Grunt 172 | . 6 . 18 2 . 6 15 9 . 1 . . 3 2 5 1 3 3 16 . . . 5 1 . 6 . 8 13 14 6 10 15 . 4 Brawler 8 | . . . . 1 . 1 2 . . . . . . . . . . . . . . . . . 1 . 1 . . . . . 2 . . Duelist 15 | . . . 1 . . 2 2 . . . . . . . . 1 . . . . . . . . 1 . . 1 . . . . 7 . . Protector 2 | . . . . . . . . . . . . . . . . . . . . . . . . . . . . . . . . . 2 . . Researcher 2 | . . . . . . . . . . . . . . . . . . . . . . . . . . . . . . . . 1 1 . . Sentry 51 | . . . 8 . . . 8 5 . . . . . . 6 . 4 3 2 . . . . 2 1 1 . 1 1 . 2 . 4 1 2 Demolisher 1 | . . . . . . . . . . . . . . . . . . . . . . . . . . . . . . . 1 . . . . Specialist 7 | . . . . . . . 2 . . . . . . . . . . 2 . . . . . . . . . . . . . . . . 3 Hunter 39 | . . . . . . . 1 4 . . . . . 1 2 . 4 2 4 . . . 2 2 . 2 . . . 3 . 3 2 2 5 Programmer 63 | . . . . . . . . 4 . . . . . 3 1 . . 4 4 . . . 2 9 . . . . . 4 . 12 13 2 5 Heavy 4 | . . . . . . . 1 . . . . . . . . . . . . . . . . . . . . . . . . . 2 . 1 Q-Series 2 | . . . . . . . . . . . . . . . . . . . . . . . . . . . . . . . . . . 2 . Behemoth 5 | . . . . . . . . . . . . . 1 . . . . . . . . . . 1 . . 1 . . . . . 1 . 1 M Guard 2 | . . . . . . . . . . . . . . . . . . . . . . . . . . . . . . . . . . . 2 Tracker 4 | . . . . . . . . . . . . . . . . . . . . . . . . . . . . . . . . . 2 2 . Combat Programmer 6 | . . . . . . . . . . . . . . . . . . . . . . . . . . . . . . . . . 2 2 2 Striker 1 | . . . . . . . . . . . . . . . . . . . . . . . . . . . . . . . 1 . . . . Executioner 1 | . . . . . . . . . . . . . . . . . . . . . . . . . . . . . 1 . . . . . . Z-Light 6 | . . . . . . . . . . . . 6 . . . . . . . . . . . . . . . . . . . . . . . Decomposer 1 | . . . . . . . . . . . . . . . . . . . . . . . . . 1 . . . . . . . . . . Samaritan 1 | . . . . . . . . . . . . . . . . . . . . . . . . . 1 . . . . . . . . . . Assembler 2 | . . . . . . . . . . . . 2 . . . . . . . . . . . . . . . . . . . . . . . Assembled 44 | . . 6 . . . . . . . . . 38 . . . . . . . . . . . . . . . . . . . . . . . Golem 2 | . . . . . . . . . . . . 2 . . . . . . . . . . . . . . . . . . . . . . . Thug 5 | . . . . . . . . . . . . . . . . 1 . . . . . . . . 4 . . . . . . . . . . Savage 1 | . . . . . . . . . . . . . . . . 1 . . . . . . . . . . . . . . . . . . . Mutant 2 | . . . . . . . . . . . . . . . . . . . . . 1 . . . . 1 . . . . . . . . . Best Kill Streak 38 | . 6 3 5 4 . 8 9 6 . 3 . 38 6 5 3 1 11 4 5 4 1 . 4 5 8 8 2 4 8 7 9 6 13 7 4 Combat Bots Only 36 | . 4 3 5 4 . 6 9 5 . 3 . 36 6 4 3 1 11 4 5 4 1 . 4 4 8 7 2 4 8 5 9 4 10 6 4 Max Kills in Single Turn 11 | . 1 2 2 2 . 1 2 3 . 2 . 11 3 3 1 2 3 2 1 3 1 . 3 1 3 4 1 2 4 4 1 2 4 5 1 Gunslinging 1 | . . 1 . . . . 1 . . . . . . . . . . . . . . . . . . . . . . . . . . . . Exploded 11 | . . . . 2 . 1 2 3 . 2 . 11 3 3 . . 3 . . 3 . . 3 . 3 4 . 2 4 4 1 2 2 5 . Melee . | . . . . . . . . . . . . . . . . . . . . . . . . . . . . . . . . . . . . Uniques/NPCs Destroyed 3 | . . . . . . . . . . . . 1 . . . . . . . . . . . . . . . . . . . . . . 2 Z-Imprinter (-7/Deep Caves) MAIN.C Shell (-1/Command) MAIN.C (-1/Command) Combat | -11 -10 -10 -9 -9 -9 -8 -8 -7 -7 -7 -7 -7 -6 -6 -6 -6 -6 -6 -5 -5 -5 -5 -4 -4 -4 -4 -4 -3 -3 -3 -2 -2 -2 -1 -1 -------- Run | Scr Mat Min Mat Min Exi Min Mat Fac Low Low Zio Dee Pro Fac Ext Cet Arc Hub Fac Upp Upp Zhi Pro Fac Upp Upp War Pro Res Tes Res Qua Sec Acc Com Damage Taken 32589 | . 487 248 1810 281 . 337 2662 2257 . 199 . 1862 782 546 1190 60 1386 1377 1509 39 66 . 453 1852 1192 551 516 396 551 728 876 1557 3361 1086 2372 Core 3239 | . 62 55 232 26 . 54 145 183 . 61 . 140 91 81 183 . 129 229 81 . . . 23 118 230 44 46 38 56 53 . 21 524 115 219 Absorbed by Shields 4387 | . . . . . . . . . . . . . . . 71 10 . . 193 16 29 . 175 473 82 316 237 401 539 855 47 . 594 . 349 Reduced by Siege Mode 8 | . . . . . . . . . . . . . . . . . . . . . . . . . . . . . . . . . . . 8 Redirected to Core 166 | . . . . . . . . . . . . . . . . . . . . . . . . . . . . . . . . . . . 166 Redirected to Shielding 378 | . . . . . . . . . . . . 97 . . . . . . . . . . . . . . . . . . . . 34 . 247 Regen/Repaired (Parts) 821 | . . . . . . . . . . . 821 . . . . . . . . . . . . . . . . . . . . . . . . Core Remaining (%) 61 | 100 . 53 . . . 22 73 . . . . . 32 . . . . 26 . . . . 89 . . . . 58 . 91 . . 58 . 79 Volleys Fired 1715 | . 67 26 133 17 . 26 180 101 1 32 . 68 27 28 44 9 7 46 83 19 4 4 35 94 33 22 12 18 42 78 31 82 160 66 120 Largest 3 | . 2 2 2 2 . 2 2 2 2 2 . 2 2 2 2 2 2 2 2 1 2 2 2 2 2 2 2 2 3 3 2 2 3 1 2 Hottest 300 | . 80 40 46 46 . 46 97 97 56 80 . 120 50 60 50 50 50 50 50 46 50 50 71 81 71 50 50 50 81 131 70 70 120 300 300 Shots Fired 2680 | . 129 52 262 27 . 44 312 171 3 37 . 83 45 38 85 18 9 74 155 19 7 8 71 132 52 27 23 24 73 119 57 134 203 65 122 Gun 1046 | . 129 52 262 20 . 36 310 158 3 9 . 47 . 1 . . . 14 . . . . . . . . . . . . . . . 5 . Cannon 1489 | . . . . . . . . 5 . 25 . 17 41 33 85 18 4 60 155 16 7 8 69 132 42 13 23 16 66 117 52 130 187 47 121 Launcher 144 | . . . . 7 . 8 2 8 . 3 . 19 4 4 . . 5 . . 3 . . 2 . 10 14 . 8 7 2 5 4 16 13 . Special 1 | . . . . . . . . . . . . . . . . . . . . . . . . . . . . . . . . . . . 1 Kinetic 909 | . 68 52 262 20 . 36 289 120 3 9 . 28 . . . . . 14 . . . . . . . . . . . . . . . 5 3 Thermal 1508 | . 59 . . . . . 21 43 . 25 . 14 41 33 85 18 4 60 155 16 7 8 69 128 42 13 23 16 64 85 52 130 180 30 87 Explosive 144 | . . . . 7 . 8 2 8 . 3 . 19 4 4 . . 5 . . 3 . . 2 . 10 14 . 8 7 2 5 4 16 13 . Electromagnetic 69 | . 2 . . . . . . . . . . 6 . . . . . . . . . . . 4 . . . . 2 32 . . 7 16 . Entropic 32 | . . . . . . . . . . . . . . . . . . . . . . . . . . . . . . . . . . 1 31 Phasic 17 | . . . . . . . . . . . . 16 . 1 . . . . . . . . . . . . . . . . . . . . . Robot Hit Streak 34 | . 9 5 10 12 . 14 28 15 . 4 . 17 33 14 19 12 7 13 22 3 8 15 29 15 11 17 8 8 13 14 11 14 22 16 34 Robot Miss Streak 5 | . 5 3 4 2 . 3 5 3 1 2 . 3 1 2 1 2 1 2 2 . . . 1 2 1 3 3 2 4 2 2 1 2 3 2 Penetration Max 1 | . . . . . . . 1 1 . . . 1 . . . . . . . . . . . . . . . . . . . . . . . Secondary Targets 16 | . 1 1 8 1 . . 3 1 . . . 1 . . . . . . . . . . . . . . . . . . . . . . . Max Gunslinging Chain 1 | . 1 1 1 1 . . 1 1 . . . 1 . . . . . . . . . . . . . . . . . . . . . . . Capacitor 238 | . . . . . . . . . . . . . . . . . . . . . . . . . . . . . . . . . 106 47 85 Shots Hit Robots 1731 | . 79 28 162 19 . 28 236 128 . 6 . 40 21 23 58 13 7 44 118 3 5 7 36 88 21 13 16 16 34 75 38 79 150 46 94 Core Hits 1089 | . 31 16 64 13 . 25 97 77 . 8 . 103 14 22 24 7 41 20 44 3 2 1 17 29 31 37 6 29 41 42 26 44 108 36 31 Critical Kills 14 | . . 1 4 . . . . 2 . . . . . . . . . 3 . . . . . . . . . . . . . . . . 4 Critical Parts Destroyed 7 | . . . . . . . 3 2 . . . . . . . . . 2 . . . . . . . . . . . . . . . . . Critical Strikes 34 | . . 1 4 . . . 4 6 . . . 3 . . . . . 5 . . . . . . . . . . . 1 . . . 1 9 Burn 4 | . . . . . . . 1 2 . . . 1 . . . . . . . . . . . . . . . . . . . . . . . Meltdown 4 | . . . . . . . . . . . . . . . . . . . . . . . . . . . . . . . . . . . 4 Destroy 17 | . . 1 4 . . . 3 4 . . . . . . . . . 5 . . . . . . . . . . . . . . . . . Corrupt 1 | . . . . . . . . . . . . . . . . . . . . . . . . . . . . . . 1 . . . . . Sunder 6 | . . . . . . . . . . . . . . . . . . . . . . . . . . . . . . . . . . 1 5 Intensify 2 | . . . . . . . . . . . . 2 . . . . . . . . . . . . . . . . . . . . . . . Melee Attacks 14 | . . . . . . . . 3 . . 6 5 . . . . . . . . . . . . . . . . . . . . . . . Impact 11 | . . . . . . . . . . . 6 5 . . . . . . . . . . . . . . . . . . . . . . . Slashing 3 | . . . . . . . . 3 . . . . . . . . . . . . . . . . . . . . . . . . . . . Piercing . | . . . . . . . . . . . . . . . . . . . . . . . . . . . . . . . . . . . . Sneak Attacks . | . . . . . . . . . . . . . . . . . . . . . . . . . . . . . . . . . . . . Combat Hostiles . | . . . . . . . . . . . . . . . . . . . . . . . . . . . . . . . . . . . . Follow-up Attacks . | . . . . . . . . . . . . . . . . . . . . . . . . . . . . . . . . . . . . Damage Inflicted 98775 | . 971 228 2454 763 . 1057 4249 3617 . 368 . 4321 1822 1798 2771 728 2076 2105 5673 621 211 384 2027 4384 2297 2740 836 2197 3232 3874 2387 4757 10916 3767 19144 Guns 12057 | . 971 225 2454 251 . 372 4009 2495 . 99 . 733 . 33 . . . 250 . . . . . . . . . . . . . . . 165 . Cannons 60605 | . . . . . . . . 108 . 27 . 130 913 1100 2771 728 135 1598 5673 . 211 384 1640 4384 847 388 836 643 1356 3388 1523 4062 6755 1861 19144 Explosions 26106 | . . . . 512 . 685 240 1010 . 242 . 3458 909 665 . . 1941 257 . 621 . . 387 . 1450 2352 . 1554 1876 486 864 695 4161 1741 . Melee . | . . . . . . . . . . . . . . . . . . . . . . . . . . . . . . . . . . . . Ramming 7 | . . 3 . . . . . 4 . . . . . . . . . . . . . . . . . . . . . . . . . . . Kinetic 10319 | . 506 225 2454 251 . 372 3739 1858 . 99 . 350 . . . . . 250 . . . . . . . . . . . . . . . 165 50 Thermal 43810 | . 434 . . . . . 270 745 . 27 . 46 1077 1158 2771 728 135 1598 5673 . 211 384 1640 4234 847 388 836 643 1320 2559 1523 4062 6459 874 3168 Explosive 25627 | . . . . 512 . 685 240 1010 . 242 . 3458 745 607 . . 1941 . . 621 . . 387 . 1450 2352 . 1554 1876 486 864 695 4161 1741 . Electromagnetic 2197 | . 31 . . . . . . . . . . 104 . . . . . 257 . . . . . 150 . . . . 36 829 . . 296 494 . Impact . | . . . . . . . . . . . . . . . . . . . . . . . . . . . . . . . . . . . . Slashing . | . . . . . . . . . . . . . . . . . . . . . . . . . . . . . . . . . . . . Piercing . | . . . . . . . . . . . . . . . . . . . . . . . . . . . . . . . . . . . . Entropic 16419 | . . . . . . . . . . . . . . . . . . . . . . . . . . . . . . . . . . 493 15926 Phasic 396 | . . . . . . . . . . . . 363 . 33 . . . . . . . . . . . . . . . . . . . . . Highest Corruption 22 | . . . . . . . 2 3 3 3 3 . . 2 3 3 3 6 1 1 1 1 2 3 4 5 5 . . 2 . 7 11 14 22 Average Corruption 4 | . . . . . . . 2 1 3 3 3 . . 2 2 3 3 4 1 1 1 1 1 1 3 4 5 . . 1 . 4 8 6 18 Corruption Purged . | . . . . . . . . . . . . . . . . . . . . . . . . . . . . . . . . . . . . Corruption Blocked . | . . . . . . . . . . . . . . . . . . . . . . . . . . . . . . . . . . . . Effects 450 | . . . . . . . 13 19 7 12 . . . 7 32 8 7 33 2 8 5 1 8 11 22 24 1 . . 9 . 50 68 9 94 Message Errors 111 | . . . . . . . 6 5 2 3 . . . 3 6 1 1 8 . 2 1 . 1 3 7 7 1 . . 1 . 11 16 1 25 Matter Fused 105 | . . . . . . . 2 4 1 4 . . . 1 4 . 2 7 1 2 1 1 3 2 8 5 . . . 3 . 11 15 3 25 Heat Flow Errors 50 | . . . . . . . . 3 1 1 . . . 1 7 . 1 4 . 1 . . 1 4 4 6 . . . . . 5 5 . 6 Energy Discharges 58 | . . . . . . . 1 1 1 1 . . . 1 7 2 1 1 . . 1 . 1 . . 4 . . . 1 . 11 12 1 11 Parts Rejected 6 | . . . . . . . 1 . . . . . . . . . . . . . . . . . . . . . . . . 1 2 1 1 Data Loss (minor) 55 | . . . . . . . 1 1 . . . . . 1 4 4 1 7 . 2 1 . 1 2 . 1 . . . 1 . 5 11 . 12 Data Loss (major) 23 | . . . . . . . 1 2 . 2 . . . . 2 1 1 1 1 1 1 . . . 1 . . . . 1 . 3 . . 5 Misfires 20 | . . . . . . . . 1 1 1 . . . . . . . 3 . . . . 1 . 1 1 . . . 1 . 2 4 1 3 Alerts 11 | . . . . . . . 1 . 1 . . . . . 1 . . 1 . . . . . . 1 . . . . 1 . 1 1 . 3 Misdirections 1 | . . . . . . . . . . . . . . . . . . . . . . . . . . . . . . . . . . . 1 Weapon Failures 10 | . . . . . . . . 2 . . . . . . 1 . . 1 . . . . . . . . . . . . . . 2 2 2 Overload Shots . | . . . . . . . . . . . . . . . . . . . . . . . . . . . . . . . . . . . . Overflow Damage 5728 | . . . . 23 . 3 . 29 . 36 . 139 75 115 73 44 10 201 416 92 . 40 59 294 193 99 . 63 57 88 121 246 184 138 2890 Projectiles 4606 | . . . . . . . . . . . . . 45 112 73 44 10 123 416 . . 40 59 294 72 . . 32 1 . 33 246 116 . 2890 Explosions 1122 | . . . . 23 . 3 . 29 . 36 . 139 30 3 . . . 78 . 92 . . . . 121 99 . 31 56 88 88 . 68 138 . Melee . | . . . . . . . . . . . . . . . . . . . . . . . . . . . . . . . . . . . . Knockbacks 1 | . . . . . . . . . . . . . . . . . . . . . . . . . . . . . . . . . . . 1 Impact . | . . . . . . . . . . . . . . . . . . . . . . . . . . . . . . . . . . . . Kinetic 1 | . . . . . . . . . . . . . . . . . . . . . . . . . . . . . . . . . . . 1 Secondary . | . . . . . . . . . . . . . . . . . . . . . . . . . . . . . . . . . . . . Self-Inflicted Damage 1531 | . . . . 97 . 101 . . . . . 118 117 149 . . . 100 . . . . . . 177 84 . 119 33 . . . 344 92 . Shots 31 | . . . . 3 . 4 . . . . . 2 2 4 . . . 1 . . . . . . 3 2 . 3 1 . . . 5 1 . Rammed 1 | . . 1 . . . . . . . . . . . . . . . . . . . . . . . . . . . . . . . . . Targets Rammed 2 | . . 1 . . . . . 1 . . . . . . . . . . . . . . . . . . . . . . . . . . . Kicked 1 | . . . . . . . . 1 . . . . . . . . . . . . . . . . . . . . . . . . . . . Crushed . | . . . . . . . . . . . . . . . . . . . . . . . . . . . . . . . . . . . . Highest Temperature 591 | . 60 20 123 1 . 8 380 226 178 259 . 324 64 234 269 . 102 237 . 232 . . 89 219 161 233 . 10 15 103 . 185 514 505 591 Average Temperature 74 | . 28 20 16 1 . 4 98 40 110 132 . 108 19 134 102 . 38 81 . 127 . . 32 117 79 100 . 6 6 35 . 90 112 167 75 Received Heat Transfer 5633 | . 168 20 741 12 . 99 909 543 . 30 . 379 189 36 228 13 204 147 595 . . . 63 75 109 101 6 74 175 201 49 144 203 9 111 Effects 18 | . . . . . . . 2 . . . . . . . . . . . . . . . . . . . . . . . . . 2 11 3 Shutdowns 3 | . . . . . . . 1 . . . . . . . . . . . . . . . . . . . . . . . . . 1 . 1 Energy Bleed 1 | . . . . . . . 1 . . . . . . . . . . . . . . . . . . . . . . . . . . . . Interference 6 | . . . . . . . . . . . . . . . . . . . . . . . . . . . . . . . . . . 6 . Short Circuit 2 | . . . . . . . . . . . . . . . . . . . . . . . . . . . . . . . . . . 1 1 Damage (major) 5 | . . . . . . . . . . . . . . . . . . . . . . . . . . . . . . . . . . 4 1 Damage (core) 1 | . . . . . . . . . . . . . . . . . . . . . . . . . . . . . . . . . 1 . . Siege Activations 2 | . . . . . . . . . . . . . . . . . 1 . . . . . . . . . . . . . . . . . 1 Total Turns 28 | . . . . . . . . . . . . . . . . . 1 . . . . . . . . . . . . . . . . . 27 Longest Duration 27 | . . . . . . . . . . . . . . . . . 1 . . . . . . . . . . . . . . . . . 27 Robots Corrupted 7 | . . . . . . . . . . . . 1 . . . . . . . . . . . 1 . . . . . 3 . . 2 . . Combat Hostiles 7 | . . . . . . . . . . . . 1 . . . . . . . . . . . 1 . . . . . 3 . . 2 . . Parts Fried 13 | . . . . . . . . . . . . . . . . . . 1 . . . . . 1 . . . . . 6 . . 4 1 . Impact Corruptions . | . . . . . . . . . . . . . . . . . . . . . . . . . . . . . . . . . . . . Robots Melted 4 | . . . . . . . . . . . . . . . . . . . . . . . . . . . . . . . . . . . 4 Combat Hostiles 4 | . . . . . . . . . . . . . . . . . . . . . . . . . . . . . . . . . . . 4 Parts Melted 34 | . . . . . . . . 3 . . . 2 1 1 . 3 . . 2 . . . . 2 . . . . 1 2 1 2 3 . 11 Heat Transferred 26514 | . 1000 . . . . . 592 1480 . 37 . 148 690 600 1500 375 75 850 3075 . 125 175 875 2175 450 200 449 350 681 1375 850 1975 3472 666 2274 Parts Sabotaged 4 | . . . . . . . . . . . . . . . . . . . . . . . . . . . . . . 1 . . 3 . . Parts Stolen . | . . . . . . . . . . . . . . . . . . . . . . . . . . . . . . . . . . . . Parts Stripped . | . . . . . . . . . . . . . . . . . . . . . . . . . . . . . . . . . . . . Power Chain Reactions . | . . . . . . . . . . . . . . . . . . . . . . . . . . . . . . . . . . . . Missiles Intercepted . | . . . . . . . . . . . . . . . . . . . . . . . . . . . . . . . . . . . . Alert | -11 -10 -10 -9 -9 -9 -8 -8 -7 -7 -7 -7 -7 -6 -6 -6 -6 -6 -6 -5 -5 -5 -5 -4 -4 -4 -4 -4 -3 -3 -3 -2 -2 -2 -1 -1 ------- Run | Scr Mat Min Mat Min Exi Min Mat Fac Low Low Zio Dee Pro Fac Ext Cet Arc Hub Fac Upp Upp Zhi Pro Fac Upp Upp War Pro Res Tes Res Qua Sec Acc Com Peak Influence 1577 | . 252 77 477 597 . 162 563 523 . . . . . 351 440 800 838 352 560 . . . . 341 . . . . 313 905 830 700 1577 1233 940 Initial 717 | . . 77 . 168 . . 37 240 . . . . . 72 116 246 311 223 142 . . . . . . . . . . 77 482 382 369 710 717 Average 341 | . 149 20 221 481 . 57 309 241 . . . . . 121 145 597 712 129 225 . . . . 105 . . . . 86 337 695 471 929 905 807 Maximum Alert Level 4 | . 1 . 2 2 . . 2 2 . . . . . 1 2 3 3 1 2 . . . . 1 . . . . 1 3 3 3 4 4 4 Low Security (%) 42 | 100 72 100 50 . . 100 26 38 . . . . . 91 74 . . 70 47 . . . . 79 . . . . 98 64 . . . . . Level 1 23 | . 27 . 30 27 . . 46 57 . . . . . 8 14 30 13 29 47 . . . . 20 . . . . 1 3 . 47 2 . . Level 2 15 | . . . 18 72 . . 26 4 . . . . . . 10 30 20 . 5 . . . . . . . . . . 3 61 52 28 7 3 Level 3 11 | . . . . . . . . . . . . . . . . 39 65 . . . . . . . . . . . . 29 38 . 35 75 41 Level 4 6 | . . . . . . . . . . . . . . . . . . . . . . . . . . . . . . . . . 33 17 54 Level 5 . | . . . . . . . . . . . . . . . . . . . . . . . . . . . . . . . . . . . . High Security . | . . . . . . . . . . . . . . . . . . . . . . . . . . . . . . . . . . . . Max Security . | . . . . . . . . . . . . . . . . . . . . . . . . . . . . . . . . . . . . Squads Dispatched 109 | . 4 . 4 . . . 8 11 . . . . . 5 2 . . 5 9 . . . . 6 . . . . 7 13 . 10 15 4 6 Investigation 14 | . 2 . . . . . . 1 . . . . . 1 1 . . 1 2 . . . . . . . . . 3 2 . 1 . . . Extermination 28 | . . . . . . . . 4 . . . . . 2 . . . 2 2 . . . . 3 . . . . . 2 . 5 5 1 2 Reinforcement 44 | . 2 . 4 . . . 5 5 . . . . . 2 1 . . 2 4 . . . . 3 . . . . 4 5 . 4 1 . 2 Assault 10 | . . . . . . . . . . . . . . . . . . . 1 . . . . . . . . . . 1 . . 6 . 2 Garrison 7 | . . . . . . . 3 1 . . . . . . . . . . . . . . . . . . . . . 3 . . . . . Intercept 6 | . . . . . . . . . . . . . . . . . . . . . . . . . . . . . . . . . 3 3 . Searches Triggered . | . . . . . . . . . . . . . . . . . . . . . . . . . . . . . . . . . . . . Construction Impeded 6 | . . . . . . . 1 2 . . . . . . . . . . 2 . . . . . . . . . . 1 . . . . . Haulers Reinforced 5 | . . . . . . . . 1 . . . . . 1 . . . . 1 . . . . 1 . . . . . . . 1 . . . Active Scanning Responses . | . . . . . . . . . . . . . . . . . . . . . . . . . . . . . . . . . . . . Cargo Convoy Interrupts . | . . . . . . . . . . . . . . . . . . . . . . . . . . . . . . . . . . . . Stealth | -11 -10 -10 -9 -9 -9 -8 -8 -7 -7 -7 -7 -7 -6 -6 -6 -6 -6 -6 -5 -5 -5 -5 -4 -4 -4 -4 -4 -3 -3 -3 -2 -2 -2 -1 -1 --------- Run | Scr Mat Min Mat Min Exi Min Mat Fac Low Low Zio Dee Pro Fac Ext Cet Arc Hub Fac Upp Upp Zhi Pro Fac Upp Upp War Pro Res Tes Res Qua Sec Acc Com Distress Signals 61 | . 4 . 8 . . . 8 1 . . . . . . . 2 . . 1 . . . . 3 . . . . 6 4 3 3 . . 18 Communications Jammed 156 | . . . . . . . . . . . . . . . . . . . . . . . . . . . . . . . . . 132 18 6 Distress Signals 148 | . . . . . . . . . . . . . . . . . . . . . . . . . . . . . . . . . 124 18 6 Times Spotted 818 | . 29 10 53 11 . 9 66 39 3 8 . 54 9 18 26 20 25 16 40 6 1 . 12 29 15 17 22 11 33 47 19 35 77 20 38 Peak Tracking Total 37 | . 6 3 6 4 . 3 9 6 3 3 . 37 7 5 4 7 16 4 6 5 1 . 4 6 8 5 9 4 10 9 6 4 6 7 8 Tactical Retreats 26 | . . 1 . . . . 3 . . 1 . 1 1 . . 1 . . 1 2 . . 1 3 . . . . 1 1 1 2 1 1 4 Traps | -11 -10 -10 -9 -9 -9 -8 -8 -7 -7 -7 -7 -7 -6 -6 -6 -6 -6 -6 -5 -5 -5 -5 -4 -4 -4 -4 -4 -3 -3 -3 -2 -2 -2 -1 -1 ------- Run | Scr Mat Min Mat Min Exi Min Mat Fac Low Low Zio Dee Pro Fac Ext Cet Arc Hub Fac Upp Upp Zhi Pro Fac Upp Upp War Pro Res Tes Res Qua Sec Acc Com Traps Triggered 26 | . 2 . 2 . . . 1 3 . 1 . . . 1 8 . . 2 . . . . . . . . . . . . . 4 1 . 1 Indirectly . | . . . . . . . . . . . . . . . . . . . . . . . . . . . . . . . . . . . . Trap Hack Attempts . | . . . . . . . . . . . . . . . . . . . . . . . . . . . . . . . . . . . . Triggered . | . . . . . . . . . . . . . . . . . . . . . . . . . . . . . . . . . . . . Disarmed . | . . . . . . . . . . . . . . . . . . . . . . . . . . . . . . . . . . . . Reprogrammed . | . . . . . . . . . . . . . . . . . . . . . . . . . . . . . . . . . . . . Reused . | . . . . . . . . . . . . . . . . . . . . . . . . . . . . . . . . . . . . Traps Extracted . | . . . . . . . . . . . . . . . . . . . . . . . . . . . . . . . . . . . . Installed . | . . . . . . . . . . . . . . . . . . . . . . . . . . . . . . . . . . . . Triggered 21 | . . . . . . . . . . . . . . . . . . . 1 . . . 5 . 3 . 11 . 1 . . . . . . Machines | -11 -10 -10 -9 -9 -9 -8 -8 -7 -7 -7 -7 -7 -6 -6 -6 -6 -6 -6 -5 -5 -5 -5 -4 -4 -4 -4 -4 -3 -3 -3 -2 -2 -2 -1 -1 ---------- Run | Scr Mat Min Mat Min Exi Min Mat Fac Low Low Zio Dee Pro Fac Ext Cet Arc Hub Fac Upp Upp Zhi Pro Fac Upp Upp War Pro Res Tes Res Qua Sec Acc Com Machines Disabled 65 | . . . 2 1 . . 3 . . . . 2 4 10 1 1 1 5 2 . 1 . . . . 1 1 . 2 9 . 6 10 1 2 Max in Single Turn 6 | . . . 1 1 . . 1 . . . . 1 4 6 1 . . 4 1 . 1 . . . . 1 1 . 1 2 . 1 4 1 1 Garrison Access 3 | . . . . . . . . . . . . . . . . . . . 1 . . . . . . . . . 1 . . 1 . . . Network Hub 1 | . . . . . . . . . . . . . . . . . . 1 . . . . . . . . . . . . . . . . . Machines Sabotaged . | . . . . . . . . . . . . . . . . . . . . . . . . . . . . . . . . . . . . Garrisons Compromised 1 | . . . . . . . . . . . . . . . . . . . 1 . . . . . . . . . . . . . . . . Overloaded Fab Kills . | . . . . . . . . . . . . . . . . . . . . . . . . . . . . . . . . . . . . Hacking | -11 -10 -10 -9 -9 -9 -8 -8 -7 -7 -7 -7 -7 -6 -6 -6 -6 -6 -6 -5 -5 -5 -5 -4 -4 -4 -4 -4 -3 -3 -3 -2 -2 -2 -1 -1 --------- Run | Scr Mat Min Mat Min Exi Min Mat Fac Low Low Zio Dee Pro Fac Ext Cet Arc Hub Fac Upp Upp Zhi Pro Fac Upp Upp War Pro Res Tes Res Qua Sec Acc Com Machines Accessed 76 | . 3 . 4 . 1 . 5 2 . . . . . 3 6 1 . 5 4 1 1 4 . 3 1 1 1 . 2 5 1 10 6 4 2 Terminals 51 | . 2 . 4 . . . 5 1 . . . . . 2 6 1 . 4 3 1 . . . 3 . . . . 2 1 . 6 4 4 2 Fabricators 3 | . . . . . . . . 1 . . . . . 1 . . . . 1 . . . . . . . . . . . . . . . . Repair Stations . | . . . . . . . . . . . . . . . . . . . . . . . . . . . . . . . . . . . . Recycling Units 1 | . 1 . . . . . . . . . . . . . . . . . . . . . . . . . . . . . . . . . . Scanalyzers 8 | . . . . . . . . . . . . . . . . . . . . . . . . . . . . . . 3 1 3 1 . . Garrison Access 4 | . . . . . . . . . . . . . . . . . . 1 . . . . . . . . . . . 1 . 1 1 . . Total Hacks 191 | . 7 . 11 . 1 . 14 7 . . . . . 4 10 1 . 12 14 1 1 17 . 8 1 1 1 . 8 11 2 21 29 7 2 Successful 87 | . 3 . 4 . 1 . 6 3 . . . . . 3 4 1 . 6 4 1 1 17 . 3 1 1 1 . 1 4 1 7 9 4 1 Failed 103 | . 3 . 7 . . . 8 4 . . . . . 1 6 . . 6 10 . . . . 5 . . . . 7 7 1 14 20 3 1 Catastrophic 29 | . . . . . . . . . . . . . . . 1 . . 2 6 . . . . 2 . . . . 2 4 . 5 6 . 1 Database Lockouts 1 | . 1 . . . . . . . . . . . . . . . . . . . . . . . . . . . . . . . . . . Manual 88 | . 8 . 8 . . . 7 1 . . . . . 2 3 1 . 5 12 . . . . 4 . . . . 8 1 . 9 19 . . Terminals 132 | . 5 . 11 . . . 14 3 . . . . . 2 10 1 . 9 10 1 . . . 8 . . . . 8 3 . 15 23 7 2 Fabricators 10 | . . . . . . . . 4 . . . . . 2 . . . . 4 . . . . . . . . . . . . . . . . Repair Stations . | . . . . . . . . . . . . . . . . . . . . . . . . . . . . . . . . . . . . Recycling Units 2 | . 2 . . . . . . . . . . . . . . . . . . . . . . . . . . . . . . . . . . Scanalyzers 16 | . . . . . . . . . . . . . . . . . . . . . . . . . . . . . . 6 2 5 3 . . Garrison Access 9 | . . . . . . . . . . . . . . . . . . 3 . . . . . . . . . . . 2 . 1 3 . . Terminal Hacks 69 | . 1 . 3 . 1 . 5 2 . . . . . 2 4 1 . 6 3 1 1 17 . 3 1 1 1 . . 1 . 3 7 4 1 Record 10 | . . . . . 1 . . . . . . . . . . . . . . 1 . 5 . . . . . . . . . 3 . . . Part Schematic 6 | . 1 . . . . . . 1 . . . . . . . . . . . . . 4 . . . . . . . . . . . . . Robot Analysis 5 | . . . . . . . . . . . . . . . 1 . . . . . . 4 . . . . . . . . . . . . . Prototype ID Bank 6 | . . . 1 . . . 1 . . . . . . . . . . . . . . 4 . . . . . . . . . . . . . Open Door 12 | . . . . . . . . . . . . . . 1 2 1 . . . . 1 . . . 1 1 1 . . . . . . 3 1 Level Access Points 2 | . . . . . . . . . . . . . . . . . . 1 1 . . . . . . . . . . . . . . . . Branch Access Points 5 | . . . . . . . 1 1 . . . . . . . . . . 1 . . . . 1 . . . . . . . . . 1 . Terminal Index 1 | . . . . . . . . . . . . . . . . . . . . . . . . 1 . . . . . . . . . . . Alert Level 7 | . . . . . . . 1 . . . . . . . 1 . . 2 . . . . . . . . . . . . . . 3 . . Unreport Threat 7 | . . . . . . . 1 . . . . . . . . . . 1 . . . . . . . . . . . 1 . . 4 . . Locate Traps 1 | . . . 1 . . . . . . . . . . . . . . . . . . . . . . . . . . . . . . . . Security Status 1 | . . . . . . . . . . . . . . 1 . . . . . . . . . . . . . . . . . . . . . Transport Status 1 | . . . . . . . . . . . . . . . . . . . 1 . . . . . . . . . . . . . . . . Hauler Manifests 3 | . . . 1 . . . 1 . . . . . . . . . . . . . . . . 1 . . . . . . . . . . . Zone Layout 2 | . . . . . . . . . . . . . . . . . . 2 . . . . . . . . . . . . . . . . . Fabricator Hacks 1 | . . . . . . . . 1 . . . . . . . . . . . . . . . . . . . . . . . . . . . Build 1 | . . . . . . . . 1 . . . . . . . . . . . . . . . . . . . . . . . . . . . Repair Station Hacks . | . . . . . . . . . . . . . . . . . . . . . . . . . . . . . . . . . . . . Recycling Unit Hacks . | . . . . . . . . . . . . . . . . . . . . . . . . . . . . . . . . . . . . Scanalyzer 8 | . . . . . . . . . . . . . . . . . . . . . . . . . . . . . . 2 1 3 2 . . Insert Component 8 | . . . . . . . . . . . . . . . . . . . . . . . . . . . . . . 2 1 3 2 . . Garrison Access Hacks 1 | . . . . . . . . . . . . . . . . . . . . . . . . . . . . . . . . 1 . . . Seal Access 1 | . . . . . . . . . . . . . . . . . . . . . . . . . . . . . . . . 1 . . . Unauthorized Hacks 8 | . 2 . 1 . . . 1 . . . . . . 1 . . . . 1 . . . . . . . . . 1 1 . . . . . Terminals 4 | . 1 . 1 . . . 1 . . . . . . . . . . . . . . . . . . . . . 1 . . . . . . Operators 4 | . 1 . 1 . . . 1 . . . . . . . . . . . . . . . . . . . . . 1 . . . . . . Fabricators 2 | . . . . . . . . . . . . . . 1 . . . . 1 . . . . . . . . . . . . . . . . Haulers 2 | . . . . . . . . . . . . . . 1 . . . . 1 . . . . . . . . . . . . . . . . Repair Stations . | . . . . . . . . . . . . . . . . . . . . . . . . . . . . . . . . . . . . Recycling Units 1 | . 1 . . . . . . . . . . . . . . . . . . . . . . . . . . . . . . . . . . Tunnel 1 | . 1 . . . . . . . . . . . . . . . . . . . . . . . . . . . . . . . . . . Scanalyzers 1 | . . . . . . . . . . . . . . . . . . . . . . . . . . . . . . 1 . . . . . Researchers 1 | . . . . . . . . . . . . . . . . . . . . . . . . . . . . . . 1 . . . . . Garrison Access . | . . . . . . . . . . . . . . . . . . . . . . . . . . . . . . . . . . . . Data Cores Recovered 4 | . . . 1 . . . . . . . . . . . . . . 1 1 . . . . 1 . . . . . . . . . . . Used . | . . . . . . . . . . . . . . . . . . . . . . . . . . . . . . . . . . . . Hacking Detections 52 | . 1 . 2 . . . 5 2 . . . . . 2 4 1 . 5 4 . . . . 3 . . . . 2 5 1 7 6 1 1 Full Trace Events 8 | . . . . . . . . 1 . . . . . . 1 . . . 2 . . . . . . . . . 1 2 . 1 . . . Feedback Events . | . . . . . . . . . . . . . . . . . . . . . . . . . . . . . . . . . . . . Feedback Blocked . | . . . . . . . . . . . . . . . . . . . . . . . . . . . . . . . . . . . . Robot Schematics Acquired 3 | . . . . . . . . . . . . . . . . . . . . . . . . . . . . . . 1 . 1 1 . . Robots Built . | . . . . . . . . . . . . . . . . . . . . . . . . . . . . . . . . . . . . Authchips . | . . . . . . . . . . . . . . . . . . . . . . . . . . . . . . . . . . . . Time . | . . . . . . . . . . . . . . . . . . . . . . . . . . . . . . . . . . . . Total Robot Build Rating . | . . . . . . . . . . . . . . . . . . . . . . . . . . . . . . . . . . . . Part Schematics Acquired 15 | . 1 . . . . . . 1 . . . . . . . . . . . . . 4 . . . . . . . 6 . 2 1 . . Parts Built 2 | . . . . . . . . 2 . . . . . . . . . . . . . . . . . . . . . . . . . . . Authchips . | . . . . . . . . . . . . . . . . . . . . . . . . . . . . . . . . . . . . Time 117 | . . . . . . . . 117 . . . . . . . . . . . . . . . . . . . . . . . . . . . Total Part Build Rating 14 | . . . . . . . . 14 . . . . . . . . . . . . . . . . . . . . . . . . . . . Parts Repaired . | . . . . . . . . . . . . . . . . . . . . . . . . . . . . . . . . . . . . Time . | . . . . . . . . . . . . . . . . . . . . . . . . . . . . . . . . . . . . Parts Recycled . | . . . . . . . . . . . . . . . . . . . . . . . . . . . . . . . . . . . . Recycled Matter . | . . . . . . . . . . . . . . . . . . . . . . . . . . . . . . . . . . . . Retrieved Matter . | . . . . . . . . . . . . . . . . . . . . . . . . . . . . . . . . . . . . Retrieved Components . | . . . . . . . . . . . . . . . . . . . . . . . . . . . . . . . . . . . . Parts Scanalyzed . | . . . . . . . . . . . . . . . . . . . . . . . . . . . . . . . . . . . . Part Schematics Acquired . | . . . . . . . . . . . . . . . . . . . . . . . . . . . . . . . . . . . . Parts Damaged . | . . . . . . . . . . . . . . . . . . . . . . . . . . . . . . . . . . . . Bothacking | -11 -10 -10 -9 -9 -9 -8 -8 -7 -7 -7 -7 -7 -6 -6 -6 -6 -6 -6 -5 -5 -5 -5 -4 -4 -4 -4 -4 -3 -3 -3 -2 -2 -2 -1 -1 ------------ Run | Scr Mat Min Mat Min Exi Min Mat Fac Low Low Zio Dee Pro Fac Ext Cet Arc Hub Fac Upp Upp Zhi Pro Fac Upp Upp War Pro Res Tes Res Qua Sec Acc Com Used RIF Installer . | . . . . . . . . . . . . . . . . . . . . . . . . . . . . . . . . . . . . Robots Hacked 1 | . . . . . . . . . . . . . . . . . . . . . . . . . . . . . . . . . . . 1 Non-combat . | . . . . . . . . . . . . . . . . . . . . . . . . . . . . . . . . . . . . Combat . | . . . . . . . . . . . . . . . . . . . . . . . . . . . . . . . . . . . . Robot Hacks Applied . | . . . . . . . . . . . . . . . . . . . . . . . . . . . . . . . . . . . . Manual 1 | . . . . . . . . . . . . . . . . . . . . . . . . . . . . . . . . . . . 1 Relay Couplers Released 12 | . . . . . . . . . . . . . . . . . . . 3 . . . . . . . . . 6 . . . 3 . . Machine Destruction 4 | . . . . . . . . . . . . . . . . . . . 1 . . . . . . . . . 3 . . . . . . Programmers 8 | . . . . . . . . . . . . . . . . . . . 2 . . . . . . . . . 3 . . . 3 . . Fabnet Peak Effective % . | . . . . . . . . . . . . . . . . . . . . . . . . . . . . . . . . . . . . Robots Rewired 22 | . . . . . . . . . . . . . . . 17 . . . . . . . . . . . 4 . . 1 . . . . . Allies Hacked 1 | . . . . . . . . . . . . . . . . 1 . . . . . . . . . . . . . . . . . . . Hacks Repelled . | . . . . . . . . . . . . . . . . . . . . . . . . . . . . . . . . . . . . Allies | -11 -10 -10 -9 -9 -9 -8 -8 -7 -7 -7 -7 -7 -6 -6 -6 -6 -6 -6 -5 -5 -5 -5 -4 -4 -4 -4 -4 -3 -3 -3 -2 -2 -2 -1 -1 -------- Run | Scr Mat Min Mat Min Exi Min Mat Fac Low Low Zio Dee Pro Fac Ext Cet Arc Hub Fac Upp Upp Zhi Pro Fac Upp Upp War Pro Res Tes Res Qua Sec Acc Com Total Allies 40 | . . 3 . . . . . 3 . . 3 . . . 21 5 . . . . . . . . . . 4 . . 1 . . . . . Largest Group 14 | . . 3 . . . . . 3 3 3 3 3 . . 14 13 9 . . . . . . . . . 4 . . 1 . . . . . Highest-Rated Group 796 | . . 40 . . . . . 93 85 85 82 82 . . 565 796 671 . . . . . . . . . 232 . . 160 . . . . . Highest-Rated Ally 160 | . . 16 . . . . . 31 31 31 31 31 . . 159 159 150 . . . . . . . . . 65 . . 160 . . . . . Total Orders 2 | . . . . . . . . . . . . . . . 2 . . . . . . . . . . . . . . . . . . . . STAY 1 | . . . . . . . . . . . . . . . 1 . . . . . . . . . . . . . . . . . . . . FOLLOW 1 | . . . . . . . . . . . . . . . 1 . . . . . . . . . . . . . . . . . . . . Ally Attacks 357 | . . 3 . . . . . 4 9 22 . 50 . . 79 103 47 . . . . . . . . . 5 . . 35 . . . . . Total Damage 9007 | . . 36 . . . . . 54 86 443 . 518 . . 1717 1725 1328 . . . . . . . . . 203 . . 2897 . . . . . Kills 67 | . . . . . . . . 1 3 2 . 7 . . 9 18 10 . . . . . . . . . 1 . . 16 . . . . . Allies Corrupted . | . . . . . . . . . . . . . . . . . . . . . . . . . . . . . . . . . . . . Allies Melted 3 | . . . . . . . . . . . . . . . . . 1 . . . . . . . . . . . . . 2 . . . . Intel | -11 -10 -10 -9 -9 -9 -8 -8 -7 -7 -7 -7 -7 -6 -6 -6 -6 -6 -6 -5 -5 -5 -5 -4 -4 -4 -4 -4 -3 -3 -3 -2 -2 -2 -1 -1 ------- Run | Scr Mat Min Mat Min Exi Min Mat Fac Low Low Zio Dee Pro Fac Ext Cet Arc Hub Fac Upp Upp Zhi Pro Fac Upp Upp War Pro Res Tes Res Qua Sec Acc Com Robot Analysis Total 5 | . . . . . . . . . . . . . . . 1 . . . . . . 4 . . . . . . . . . . . . . Derelict Logs Recovered 6 | . . 2 . . . . . . . . . . 1 . . . . . . . 2 . 1 . . . . . . . . . . . . Drone Launches . | . . . . . . . . . . . . . . . . . . . . . . . . . . . . . . . . . . . . Drone Recoveries . | . . . . . . . . . . . . . . . . . . . . . . . . . . . . . . . . . . . . Exploration | -11 -10 -10 -9 -9 -9 -8 -8 -7 -7 -7 -7 -7 -6 -6 -6 -6 -6 -6 -5 -5 -5 -5 -4 -4 -4 -4 -4 -3 -3 -3 -2 -2 -2 -1 -1 ------------- Run | Scr Mat Min Mat Min Exi Min Mat Fac Low Low Zio Dee Pro Fac Ext Cet Arc Hub Fac Upp Upp Zhi Pro Fac Upp Upp War Pro Res Tes Res Qua Sec Acc Com Turns Passed 43542 | 66 1023 1195 1908 280 576 474 2835 2626 288 722 1315 2357 608 1215 1569 656 458 1377 1587 698 686 439 898 1381 991 1235 1520 812 1576 1576 919 2655 2037 850 2134 Spaces Moved 19921 | 38 502 693 919 144 360 248 1008 1041 196 436 849 1176 340 630 504 283 188 591 526 313 312 209 423 582 362 631 772 420 763 723 442 1300 884 349 764 Core 4 | 4 . . . . . . . . . . . . . . . . . . . . . . . . . . . . . . . . . . . Treads 4571 | 34 502 693 919 144 360 248 808 65 . . . . . . . . . . . . . . . . . . . . . . . . . 34 764 Legs 10794 | . . . . . . . 200 412 . . . . . 3 175 248 188 591 526 313 312 209 423 582 362 631 772 420 763 723 442 1300 884 315 . Wheels 4552 | . . . . . . . . 564 196 436 849 1176 340 627 329 35 . . . . . . . . . . . . . . . . . . . Hover . | . . . . . . . . . . . . . . . . . . . . . . . . . . . . . . . . . . . . Flight . | . . . . . . . . . . . . . . . . . . . . . . . . . . . . . . . . . . . . Fastest Speed 50 | 50 160 160 160 160 160 160 160 145 145 145 145 145 145 130 160 175 210 180 210 210 210 183 185 185 185 185 180 180 180 174 174 180 179 182 247 Average Speed 184 | 148 160 160 160 160 160 160 222 218 145 148 150 145 157 173 186 205 225 209 215 210 210 194 185 185 191 185 183 180 180 178 178 180 190 210 247 Slowest Speed 330 | 160 240 160 160 160 160 160 260 330 145 160 160 160 160 210 210 210 270 210 300 210 210 210 185 185 260 185 185 180 180 180 219 226 242 305 305 Overloaded Moves . | . . . . . . . . . . . . . . . . . . . . . . . . . . . . . . . . . . . . Propulsion Burnouts . | . . . . . . . . . . . . . . . . . . . . . . . . . . . . . . . . . . . . Robots Hopped . | . . . . . . . . . . . . . . . . . . . . . . . . . . . . . . . . . . . . Cave-ins Triggered . | . . . . . . . . . . . . . . . . . . . . . . . . . . . . . . . . . . . . Teleports 1 | . . . . . . . . . . . . . . . . . . . . . . . . . . . . . . . . . 1 . . Exploration Rate (%) 56 | 3 93 99 78 40 70 68 93 31 50 61 82 75 53 16 62 83 96 47 19 54 49 60 67 17 57 68 92 70 30 75 17 85 47 9 33 Regions Visited 35 Branch Regions 25 Pre-discovered Areas 7 | . 1 1 . . . . . . . . 2 . . . . . . . . . . 3 . . . . . . . . . . . . . Known Exits Taken 6 | . . . . . . . . 1 . . . . . . . . . 1 1 . . . 1 1 . . . . . . . . . 1 . Unknown Exits Taken 29 | 1 1 1 1 1 1 1 1 . 1 1 1 1 1 1 1 1 1 . . 1 1 1 . . 1 1 1 1 1 1 1 1 1 . . Scrap Searched 21 | . . 1 . 1 . 1 . . 2 1 3 . . . . . . . . . 2 . 4 . 3 2 . 1 . . . . . . . Spaces Dug 570 | . . . . 11 . 9 . 10 . 4 3 16 22 70 13 . 18 6 8 7 . . 24 18 35 56 . . 21 16 . 44 103 50 6 Terrain Destroyed 1949 | . . . . 69 . 73 16 28 . 37 3 99 49 90 22 3 34 187 26 53 1 . 59 38 132 241 2 102 66 58 48 72 217 103 21 Melee 11 | . . . . . . . . 3 . . 3 5 . . . . . . . . . . . . . . . . . . . . . . . Projectile 415 | . . . . . . . 2 1 . 13 . 3 23 8 22 3 1 23 26 16 1 . 34 38 24 4 2 2 33 22 17 35 30 11 21 AOE 1523 | . . . . 69 . 73 14 24 . 24 . 91 26 82 . . 33 164 . 37 . . 25 . 108 237 . 100 33 36 31 37 187 92 . Terrain Rammed . | . . . . . . . . . . . . . . . . . . . . . . . . . . . . . . . . . . . . Walls Destroyed . | . . . . . . . . . . . . . . . . . . . . . . . . . . . . . . . . . . . . Machines Disabled . | . . . . . . . . . . . . . . . . . . . . . . . . . . . . . . . . . . . . Actions | -11 -10 -10 -9 -9 -9 -8 -8 -7 -7 -7 -7 -7 -6 -6 -6 -6 -6 -6 -5 -5 -5 -5 -4 -4 -4 -4 -4 -3 -3 -3 -2 -2 -2 -1 -1 --------- Run | Scr Mat Min Mat Min Exi Min Mat Fac Low Low Zio Dee Pro Fac Ext Cet Arc Hub Fac Upp Upp Zhi Pro Fac Upp Upp War Pro Res Tes Res Qua Sec Acc Com Total 24401 | 45 589 737 1127 165 361 280 1300 1218 198 472 883 1748 369 724 1051 344 212 656 824 335 336 237 468 761 608 671 862 451 907 898 517 1481 1138 454 974 Wait 1516 | . 6 9 11 1 . . 18 12 2 . 13 380 . 20 290 32 10 2 203 . 21 . 9 48 201 . 1 10 58 29 9 45 43 2 31 Move 19885 | 37 501 692 918 143 359 247 1007 1040 195 435 848 1175 339 629 503 282 187 590 525 312 311 208 422 581 361 630 771 419 762 722 441 1299 883 348 763 Hop . | . . . . . . . . . . . . . . . . . . . . . . . . . . . . . . . . . . . . Pick Up 192 | 2 6 6 15 . . . 33 18 . . 4 26 1 5 1 4 . 3 4 . . 5 . 7 1 2 4 . 4 8 3 5 8 6 11 Fast Attach 162 | 6 4 . 15 . . . 14 6 . . 3 13 . 11 . 4 1 1 1 . . 5 . 5 1 3 9 . 8 9 9 9 13 7 5 Attach 104 | . 1 3 6 . . 2 7 10 . 1 . 15 . 2 2 . 1 3 1 . . 1 . 1 2 1 1 . 2 5 1 2 5 12 17 Detach 175 | . 1 . 1 . . . 3 1 . . . 17 . 14 7 8 2 3 5 2 . 6 1 12 5 9 5 2 15 12 9 8 7 8 12 Swap 127 | . 2 . 11 4 1 4 10 11 . 4 2 5 1 1 2 . 2 2 2 2 . 1 1 5 4 4 . 2 4 9 6 6 15 1 3 Drop 232 | . 1 . 17 . 1 1 28 15 . . 7 44 1 14 2 5 2 1 . . . 7 . 8 . . 17 . 12 14 8 9 4 4 10 Fire 1715 | . 67 26 133 17 . 26 180 101 1 32 . 68 27 28 44 9 7 46 83 19 4 4 35 94 33 22 12 18 42 78 31 82 160 66 120 Melee 14 | . . . . . . . . 3 . . 6 5 . . . . . . . . . . . . . . . . . . . . . . . Ram . | . . . . . . . . . . . . . . . . . . . . . . . . . . . . . . . . . . . . Kick 1 | . . . . . . . . 1 . . . . . . . . . . . . . . . . . . . . . . . . . . . Crush 1 | . . 1 . . . . . . . . . . . . . . . . . . . . . . . . . . . . . . . . . Escape Stasis 58 | . . . . . . . . . . . . . . . 35 . . 5 . . . . . . . . . . . . . 16 . . 2 Rewire 219 | . . . . . . . . . . . . . . . 165 . . . . . . . . . . . 42 . . 12 . . . . . Trap . | . . . . . . . . . . . . . . . . . . . . . . . . . . . . . . . . . . . . Miscellaneous . | . . . . . . . . . . . . . . . . . . . . . . . . . . . . . . . . . . . . Route ------- -11/Scrapyard -10/Materials (discovered 4 exits: *Mat x2 / [*Min x2]) -10/Mines (discovered 2 exits: *Mat x2) -9/Materials (discovered 3 exits: *Mat x2 / [*Min]) -9/Mines -9/Exiles (discovered 2 exits: [*Min x2]) -8/Mines (discovered 2 exits: *Mat x2) -8/Materials (discovered 3 exits: *Fac x3) -7/Factory (discovered 6 exits: *Fac x2 / *Sto x2 / *Low x2) -7/Lower Caves -7/Lower Caves -7/Zion (discovered 2 exits: [*Dee] / [*Pro]) -7/Deep Caves -6/Proximity Caves -6/Factory -6/Extension (discovered 2 exits: *Fac / *Cet) -6/Cetus (discovered 3 exits: *Fac x2 / [*Arc]) -6/Archives (discovered 3 exits: *Fac / *Hub x2) -6/Hub_04(d) (discovered 4 exits: *Fac x4) -5/Factory (discovered 6 exits: *Fac x4 / *Upp x2) -5/Upper Caves -5/Upper Caves -5/Zhirov -4/Proximity Caves -4/Factory (discovered 3 exits: *Upp x2 / Arm) -4/Upper Caves -4/Upper Caves -4/Warlord -3/Proximity Caves -3/Research (discovered 2 exits: *Res / *Tes) -3/Testing -2/Research -2/Quarantine (discovered 2 exits: *Acc / *Sec) -2/Section 7 -1/Access -1/Command (discovered 2 exits: [*Sur x2]) 0b11 Command History --------- Turn | Location | Event 28 | -11/Scrapyard | Discovered new exit (range 16) 67 | -11/Scrapyard | Entered Materials 210 | -10/Materials | Discovered new exit (range 15) 212 | -10/Materials | Central database locked down 304 | -10/Materials | Build established: Mutant 455 | -10/Materials | Discovered new exit (range 7) 481 | -10/Materials | Discovered new exit (range 7) 917 | -10/Materials | Discovered new exit (range 15) 1090 | -10/Materials | Entered Mines 1132 | -10/Mines | A weapon hastily lodged in a ceiling crevice suddenly fell to the ground 1166 | -10/Mines | Learned location of Storage (-7) 1279 | -10/Mines | Learned Materials emergency access door positions 1279 | -10/Mines | Discovered new exit (range 13) 1304 | -10/Mines | Assisted by bots powering up and referring to "LRC-V3" 1339 | -10/Mines | Assembled infested the area 1344 | -10/Mines | Assisted by a Guerilla fighting off Assembled 1742 | -10/Mines | Discovered new exit (range 8) 2110 | -10/Mines | Found a hidden stash of uninstalled traps 2144 | -10/Mines | Received a Rocket Launcher from a helpful Derelict 2285 | -10/Mines | Entered Materials 2285 | -9/Materials | Evolved 2 slots: Propulsion x1, Utility x1 2678 | -9/Materials | Discovered new exit (range 13) 2937 | -9/Materials | Build established: Scavenger-Mutant 3056 | -9/Materials | Discovered new exit (range 8) 3541 | -9/Materials | Core integrity fell below 50% 3597 | -9/Materials | Lost 5 parts (2n1u2w) 3759 | -9/Materials | Discovered new exit (range 9) 4193 | -9/Materials | Entered Mines 4364 | -9/Mines | Discovered new exit (range 9) 4453 | -9/Mines | Excavation squad dispatched 4453 | -9/Mines | A large section of the Mines collapsed 4467 | -9/Mines | Deemed a non-threat by the Exiles lab entrance 4473 | -9/Mines | Entered Exiles 4473 | -9/Exiles | Found Exiles lab abandoned 4494 | -9/Exiles | Discovered new exit (range 15) 4902 | -9/Exiles | Discovered new exit (range 12) 5049 | -9/Exiles | Entered Mines 5096 | -8/Mines | Discovered new exit (range 8) 5274 | -8/Mines | Discovered new exit (range 12) 5523 | -8/Mines | Entered Materials 5523 | -8/Materials | Evolved 2 slots: Propulsion x1, Utility x1 5641 | -8/Materials | Destroyed 9 combat bots 5817 | -8/Materials | Build established: Mutant 6337 | -8/Materials | Discovered new exit (range 3) 6716 | -8/Materials | Build established: Scavenger-Mutant 6920 | -8/Materials | Lost 3 parts (1p1n1w) 6942 | -8/Materials | Discovered new exit (range 12) 7152 | -8/Materials | Build established: Mutant 7738 | -8/Materials | Garrison activated, responded to threat 7802 | -8/Materials | Found Prototype Device 7874 | -8/Materials | Discovered new exit (range 6) 8165 | -8/Materials | Build established: Scavenger-Mutant 8358 | -8/Materials | Entered Factory 8358 | -7/Factory | Evolved 2 slots: Utility x2 8704 | -7/Factory | Fabricated Lgt. Antimatter Reactor (x2) 9266 | -7/Factory | Discovered new exit (range 8) 9349 | -7/Factory | Identified exit to Storage 9349 | -7/Factory | Identified exit to Lower Caves 9943 | -7/Factory | Lost 4 parts (2n1u1w) 10221 | -7/Factory | Build established: Mutant 10403 | -7/Factory | Discovered new exit (range 6) 10725 | -7/Factory | Garrison activated, responded to threat 10921 | -7/Factory | Discovered new exit (range 7) 10959 | -7/Factory | Allied Derelicts emerged from ambush trap array 10984 | -7/Factory | Entered Lower Caves 10984 | -7/Lower Caves | Accompanied by 3 allies 11038 | -7/Lower Caves | Build established: Scavenger-Mutant 11257 | -7/Lower Caves | Discovered new exit (range 10) 11272 | -7/Lower Caves | Entered another Lower Caves area 11272 | -7/Lower Caves | Accompanied by 3 allies 11570 | -7/Lower Caves | Spotted B-75 Beast 11989 | -7/Lower Caves | Discovered new exit (range 3) 11994 | -7/Lower Caves | Entered Zion 12060 | -7/Zion | System corruption cleaned by Quarantine Array 12085 | -7/Zion | Build established: Mutant 12092 | -7/Zion | Discovered new exit (range 15) 12457 | -7/Zion | Visited the Megawrench Repair Shop 12457 | -7/Zion | Megawrench repaired 9 parts 12504 | -7/Zion | Learned location of Recycling (-7) 12546 | -7/Zion | Found Prototype Launcher 12546 | -7/Zion | Identified Gui. Missile Launcher 12752 | -7/Zion | Build established: Scavenger-Mutant 12776 | -7/Zion | Learned location of Armory (-4) 12950 | -7/Zion | Gained Derelict followers 13289 | -7/Zion | Discovered new exit (range 5) 13290 | -7/Zion | Saw the warning signs outside the Deep Caves entrance 13309 | -7/Zion | Entered Deep Caves 13309 | -7/Deep Caves | Accompanied by 3 allies 13567 | -7/Deep Caves | Build established: Mutant 13633 | -7/Deep Caves | Attacked by Z-Imprinter 13643 | -7/Deep Caves | Allies destroyed Z-Imprinter 13798 | -7/Deep Caves | Z-Facility disabled 13834 | -7/Deep Caves | Found Prototype Protection 13834 | -7/Deep Caves | Identified Zio. Weapon Casing 13851 | -7/Deep Caves | Found Prototype Protection 13851 | -7/Deep Caves | Identified Zio. Heavy Carapace 14338 | -7/Deep Caves | Discovered new exit (range 7) 14523 | -7/Deep Caves | Found Surveybot 24 Scanner 14525 | -7/Deep Caves | Found Surveybot 24 Chip 14715 | -7/Deep Caves | Found Zio. Heavy Carapace 14758 | -7/Deep Caves | Found Zio. Weapon Casing 14760 | -7/Deep Caves | Found Zio. Weapon Casing 14817 | -7/Deep Caves | Found Zio. Heavy Carapace 15020 | -7/Deep Caves | Spotted as-33737 15061 | -7/Deep Caves | Destroyed as-33737 15094 | -7/Deep Caves | Triggered Deep Caves wall 15101 | -7/Deep Caves | Core integrity fell below 50% 15101 | -7/Deep Caves | Spotted AS-66160 15103 | -7/Deep Caves | Destroyed AS-66160 15109 | -7/Deep Caves | Spotted AS-42167 15112 | -7/Deep Caves | Destroyed AS-42167 15142 | -7/Deep Caves | Destroyed 36 combat bots 15149 | -7/Deep Caves | Exposed GOLEM chamber 15153 | -7/Deep Caves | Found GOLEM Unit 15157 | -7/Deep Caves | Found GOLEM Unit 15162 | -7/Deep Caves | Found GOLEM Unit 15192 | -7/Deep Caves | Found GOLEM Unit 15555 | -7/Deep Caves | Build established: Golem 15666 | -7/Deep Caves | Entered Proximity Caves 15759 | -6/Proximity Caves | Spotted B-75 Beast 15821 | -6/Proximity Caves | Destroyed B-75 Beast 15833 | -6/Proximity Caves | Learned Factory terminal intel 16155 | -6/Proximity Caves | Attracted the attention of an 0b10 base 16230 | -6/Proximity Caves | Discovered new exit (range 15) 16274 | -6/Proximity Caves | Entered Factory 16274 | -6/Factory | Evolved 2 slots: Power x1, Utility x1 16275 | -6/Factory | Loaded intel: 28 terminal locations 17454 | -6/Factory | Discovered new exit (range 6) 17489 | -6/Factory | Entered Extension 18427 | -6/Extension | Rescued a captive Derelict 18465 | -6/Extension | Rescued a captive Derelict 18467 | -6/Extension | Rescued a captive Derelict 18699 | -6/Extension | Build established: Commander-Golem 18725 | -6/Extension | Rescued A7 19035 | -6/Extension | Discovered new exit (range 10) 19037 | -6/Extension | Discovered new exit (range 6) 19058 | -6/Extension | Entered Cetus 19058 | -6/Cetus | Accompanied by 13 allies (A7) 19063 | -6/Cetus | Acquired a Cetus Manufacturing Module code from A7 19072 | -6/Cetus | Spotted Cetus Guard 19077 | -6/Cetus | Allies destroyed Cetus Guard 19176 | -6/Cetus | Discovered new exit (range 15) 19345 | -6/Cetus | Discovered new exit (range 15) 19379 | -6/Cetus | Spotted Cetus Guard 19380 | -6/Cetus | Spotted Cetus Guard 19380 | -6/Cetus | Allies destroyed Cetus Guard 19382 | -6/Cetus | Spotted Cetus Guard 19383 | -6/Cetus | Spotted Cetus Guard 19385 | -6/Cetus | Allies destroyed Cetus Guard 19386 | -6/Cetus | Allies destroyed Cetus Guard 19390 | -6/Cetus | Allies destroyed Cetus Guard 19396 | -6/Cetus | Discovered new exit (range 15) 19409 | -6/Cetus | Met Revision 17 19573 | -6/Cetus | Started Cetus Manufacturing Module 19588 | -6/Cetus | Escorted A7 to Cetus Mainframe 19598 | -6/Cetus | Manufactured an Enhanced Grunt 19623 | -6/Cetus | Manufactured an Enhanced Grunt 19648 | -6/Cetus | Manufactured an Enhanced Grunt 19673 | -6/Cetus | Manufactured an Enhanced Grunt 19698 | -6/Cetus | Manufactured an Enhanced Grunt 19714 | -6/Cetus | Entered Archives 19714 | -6/Archives | Accompanied by 9 allies (A7) 19719 | -6/Archives | Received a hacking code to weaken MAIN.C 19750 | -6/Archives | Met Zhirov 19756 | -6/Archives | Reinforcements dispatched to Archives 19801 | -6/Archives | Reinforcements dispatched to Archives 19803 | -6/Archives | Zhirov warped through subspace 19807 | -6/Archives | Discovered new exit (range 13) 19821 | -6/Archives | Zhirov detonated Archives 19842 | -6/Archives | Destroyed 11 combat bots 19852 | -6/Archives | Lost 5 parts (1n2u2w) 19859 | -6/Archives | Discovered new exit (range 16) 20090 | -6/Archives | Build established: Golem 20098 | -6/Archives | Discovered new exit (range 14) 20172 | -6/Archives | Entered Hub_04(d) 20281 | -6/Hub_04(d) | Identified exit to Factory 21245 | -6/Hub_04(d) | Core integrity fell below 50% 21347 | -6/Hub_04(d) | Lost 4 parts (1p1u2w) 21546 | -6/Hub_04(d) | Network Hub disabled 21549 | -6/Hub_04(d) | Entered Factory 21549 | -5/Factory | Evolved 2 slots: Utility x2 21595 | -5/Factory | Spotted B-75 Beast 22056 | -5/Factory | Discovered new exit (range 8) 22479 | -5/Factory | Identified exit to Upper Caves 22673 | -5/Factory | Identified exit to Factory 23136 | -5/Factory | Entered Upper Caves 23799 | -5/Upper Caves | Discovered new exit (range 15) 23834 | -5/Upper Caves | Entered another Upper Caves area 24026 | -5/Upper Caves | Learned Factory security intel 24342 | -5/Upper Caves | Attacked by a delusional Derelict stockpiling parts 24356 | -5/Upper Caves | Learned Factory stockpile data 24461 | -5/Upper Caves | Discovered new exit (range 14) 24520 | -5/Upper Caves | Entered Zhirov 24520 | -5/Zhirov | Discovered new exit (range 4) 24598 | -5/Zhirov | Learned location of Quarantine (-2) 24598 | -5/Zhirov | Learned location of Testing (-3) 24598 | -5/Zhirov | Learned location of Command (-1) 24781 | -5/Zhirov | Found Alien Artifact 24781 | -5/Zhirov | Identified Integrated Reactor 24781 | -5/Zhirov | Installed Integrated Reactor, increased core energy generation (+10) 24804 | -5/Zhirov | Found Alien Artifact 24959 | -5/Zhirov | Entered Proximity Caves 25762 | -4/Proximity Caves | Learned 12 Research zone layouts 25797 | -4/Proximity Caves | Discovered exit to Factory (range 10) 25857 | -4/Proximity Caves | Entered Factory 25857 | -4/Factory | Evolved 2 slots: Utility x2 26685 | -4/Factory | Spotted B-86 Titan 26706 | -4/Factory | Destroyed B-86 Titan 26789 | -4/Factory | Found Quantum Capacitor 26815 | -4/Factory | Identified exit to Upper Caves 26815 | -4/Factory | Identified exit to Armory 26932 | -4/Factory | Lost 4 parts (3u1w) 27238 | -4/Factory | Entered Upper Caves 27256 | -4/Upper Caves | Attracted the attention of an 0b10 checkpoint 27314 | -4/Upper Caves | Destroyed 8 combat bots 27322 | -4/Upper Caves | Lost 6 parts (6u) 27833 | -4/Upper Caves | Ambushed by wild Derelicts 28214 | -4/Upper Caves | Discovered new exit (range 9) 28229 | -4/Upper Caves | Entered another Upper Caves area 28234 | -4/Upper Caves | Attracted the attention of an 0b10 checkpoint 28794 | -4/Upper Caves | Destroyed 7 combat bots 29036 | -4/Upper Caves | Encountered a Warlord checkpoint 29416 | -4/Upper Caves | Discovered new exit (range 7) 29437 | -4/Upper Caves | Attacked by a delusional Derelict stockpiling Unaware 29464 | -4/Upper Caves | Entered Warlord 29526 | -4/Warlord | System corruption cleaned by Quarantine Array 30304 | -4/Warlord | Met Warlord 30329 | -4/Warlord | Warlord's base attacked by MAIN.C 30343 | -4/Warlord | Found Prototype Reactor 30348 | -4/Warlord | Found Prototype Device 30348 | -4/Warlord | Identified Exp. Cloaking Device 30363 | -4/Warlord | Found Prototype Device 30363 | -4/Warlord | Identified Exp. Focal Shield 30652 | -4/Warlord | Met EX-DEC 30657 | -4/Warlord | Found Prototype Energy Cannon 30673 | -4/Warlord | Found Prototype Energy Cannon 30673 | -4/Warlord | Identified Vortex Driver 30679 | -4/Warlord | Warlord forces counterattacked 30680 | -4/Warlord | Found Prototype Energy Gun 30680 | -4/Warlord | Identified Vortex Rail 30867 | -4/Warlord | Spotted B-90 Cyclops 30869 | -4/Warlord | Spotted B-86 Titan 30875 | -4/Warlord | Spotted Executioner 30879 | -4/Warlord | Destroyed B-90 Cyclops 30914 | -4/Warlord | Found Prototype Processor 30914 | -4/Warlord | Identified Exp. Core Analyzer 30937 | -4/Warlord | Spotted Executioner 30947 | -4/Warlord | Spotted Executioner 30948 | -4/Warlord | Discovered new exit (range 14) 30984 | -4/Warlord | Entered Proximity Caves 31393 | -3/Proximity Caves | Received a Behemoth hack from an annoying Tinkerer 31460 | -3/Proximity Caves | Attracted the attention of an 0b10 checkpoint 31773 | -3/Proximity Caves | Discovered new exit (range 7) 31796 | -3/Proximity Caves | Entered Research 31796 | -3/Research | Evolved 2 slots: Utility x1, Weapon x1 31996 | -3/Research | Revision forces began assault on 0b10 32015 | -3/Research | Met up with Revision 17++ 32496 | -3/Research | Research terminal network offline 32555 | -3/Research | Spotted Executioner 32559 | -3/Research | Spotted Striker 32579 | -3/Research | Destroyed Executioner 32612 | -3/Research | Destroyed 8 combat bots 32634 | -3/Research | Found Prototype Launcher 32634 | -3/Research | Identified Hellfire Missile Launcher 32943 | -3/Research | Discovered new exit (range 24) 33180 | -3/Research | Found Imp. Powered Armor 33184 | -3/Research | Found Imp. Powered Armor 33273 | -3/Research | Discovered new exit (range 24) 33372 | -3/Research | Entered Testing 33551 | -3/Testing | Found Prototype Device 33551 | -3/Testing | Identified Exp. Hardlight Generator 33785 | -3/Testing | Discovered new exit (range 22) 33848 | -3/Testing | Found Prototype Launcher 33848 | -3/Testing | Identified Mni. Smartbomb Launcher 33951 | -3/Testing | Identified BFG-9k Vortex Edition 34069 | -3/Testing | Found Prototype Processor 34313 | -3/Testing | Spotted PX-WYN1E48SG5 34338 | -3/Testing | Rewired PX-WYN1E48SG5 34404 | -3/Testing | Garrison activated, responded to threat 34553 | -3/Testing | Found Prototype Device 34553 | -3/Testing | Identified Exp. Transmission Jammer 34572 | -3/Testing | Found Prototype Processor 34576 | -3/Testing | Found Prototype Processor 34872 | -3/Testing | First assault squad dispatched 34907 | -3/Testing | Identified Exp. Targeting Computer 34948 | -3/Testing | Entered Research 34948 | -2/Research | Warlord forces began assault on 0b10 34948 | -2/Research | Evolved 2 slots: Power x1, Weapon x1 34999 | -2/Research | Identified Exp. Signal Interpreter 35005 | -2/Research | Identified Spectral Analyzer 35058 | -2/Research | Research machine network offline 35135 | -2/Research | Met up with Warlord 35182 | -2/Research | Borebot progress halted 35198 | -2/Research | Found Prototype Launcher 35198 | -2/Research | Identified Ragnarok Missile Launcher 35226 | -2/Research | Build established: Generator-Golem 35395 | -2/Research | Spotted Striker 35405 | -2/Research | Destroyed Striker 35427 | -2/Research | Discovered new exit (range 18) 35432 | -2/Research | Destroyed 9 combat bots 35607 | -2/Research | Borebot progress halted 35637 | -2/Research | Borebot progress halted 35678 | -2/Research | Found Adv. Powered Armor 35682 | -2/Research | Found Adv. Powered Armor 35867 | -2/Research | Entered Quarantine 36355 | -2/Quarantine | Found Alien Artifact 36549 | -2/Quarantine | Found Prototype Device 36549 | -2/Quarantine | Identified Thermal Barrier 37124 | -2/Quarantine | Identified Phase Redirector 37124 | -2/Quarantine | Identified Transdimensional Reconstructor 37233 | -2/Quarantine | Discovered new exit (range 20) 37344 | -2/Quarantine | Found Alien Artifact 37656 | -2/Quarantine | Identified Subatomic Replicator 37970 | -2/Quarantine | Found Alien Artifact 38165 | -2/Quarantine | Found Alien Artifact 38257 | -2/Quarantine | Scanned by Researcher 38387 | -2/Quarantine | Spotted Fortress 38441 | -2/Quarantine | Lost 3 parts (1p1u1w) 38511 | -2/Quarantine | Discovered new exit (range 6) 38522 | -2/Quarantine | Entered Section 7 38772 | -2/Section 7 | First assault squad dispatched 39111 | -2/Section 7 | Found Alien Artifact 39189 | -2/Section 7 | Identified Phase Armor 39189 | -2/Section 7 | Identified Integrated Mediator 39189 | -2/Section 7 | Installed Integrated Mediator, increased core attachment efficiency. 39347 | -2/Section 7 | Scanned by Researcher 39392 | -2/Section 7 | Destroyed 10 combat bots 39431 | -2/Section 7 | Found Exp. Focal Shield 39607 | -2/Section 7 | Build established: Generator-Mutant 39687 | -2/Section 7 | Destroyed 7 combat bots 39867 | -2/Section 7 | Intercept squad dispatched 39874 | -2/Section 7 | Spotted Tracker 39874 | -2/Section 7 | Spotted Tracker 39878 | -2/Section 7 | Spotted Combat Programmer 39884 | -2/Section 7 | Destroyed Tracker 39888 | -2/Section 7 | Destroyed Tracker 39891 | -2/Section 7 | Spotted Combat Programmer 39897 | -2/Section 7 | Destroyed Combat Programmer 39904 | -2/Section 7 | System corruption reached 10% 39907 | -2/Section 7 | Destroyed Combat Programmer 39965 | -2/Section 7 | Spotted B-90 Cyclops 39980 | -2/Section 7 | Destroyed B-90 Cyclops 40140 | -2/Section 7 | Spotted Alpha 7 40189 | -2/Section 7 | Spotted Alpha 7 40270 | -2/Section 7 | Discovered new exit (range 20) 40418 | -2/Section 7 | Identified Dimensional Node Initializer 40418 | -2/Section 7 | Initialized slip node 40558 | -2/Section 7 | Warped through subspace to slip node 40559 | -2/Section 7 | Entered Access 40559 | -1/Access | Evolved 2 slots: Weapon x2 40563 | -1/Access | Identified Vortex Chain Reactor 40589 | -1/Access | Lost 3 parts (1p2w) 40665 | -1/Access | Found Prototype Device 40665 | -1/Access | Identified Exp. Thermal Shield 40668 | -1/Access | Used Subatomic Replicator to replicate Vortex Chain Reactor 40786 | -1/Access | Identified exit to Command 41224 | -1/Access | Intercept squad dispatched 41259 | -1/Access | Spotted Tracker 41259 | -1/Access | Spotted Tracker 41261 | -1/Access | Destroyed Tracker 41261 | -1/Access | Destroyed Tracker 41283 | -1/Access | Found Prototype Device 41294 | -1/Access | Spotted Combat Programmer 41311 | -1/Access | System corruption reached 10% 41321 | -1/Access | Destroyed Combat Programmer 41350 | -1/Access | Spotted Combat Programmer 41361 | -1/Access | Destroyed Combat Programmer 41409 | -1/Access | Entered Command 41823 | -1/Command | Spotted B-99 Colossus 42018 | -1/Command | Identified Exp. Phase Shifter 42046 | -1/Command | Spotted M Guard 42048 | -1/Command | Destroyed M Guard 42049 | -1/Command | Spotted M Guard 42052 | -1/Command | Destroyed M Guard 42053 | -1/Command | Spotted Combat Programmer 42053 | -1/Command | Spotted Combat Programmer 42056 | -1/Command | Destroyed Combat Programmer 42059 | -1/Command | Destroyed Combat Programmer 42059 | -1/Command | All MAIN.C guards destroyed 42159 | -1/Command | First assault squad dispatched 42190 | -1/Command | Met MAIN.C 42190 | -1/Command | Hacked MAIN.C using A7's code 42206 | -1/Command | Destroyed MAIN.C Shell 42208 | -1/Command | MAIN.C activated Command garrisons 42224 | -1/Command | Destroyed MAIN.C 42253 | -1/Command | Discovered new exit (range 45) 42253 | -1/Command | Discovered new exit (range 95) 42253 | -1/Command | Extracted map data and part IDs from MAIN.C's data core 42271 | -1/Command | 0b10 Conduit disabled 42291 | -1/Command | Spotted B-99 Colossus 42318 | -1/Command | Destroyed B-99 Colossus 42543 | -1/Command | Found Gamma Bomb Array 43543 | *** | Establishing 0b11! Last Messages --------------- 43217_ Acquired Com. HERF Cannon. 43218_ Acquired 9 matter. 43219_ THSNHDQZI7 UFF3YFZO,3DAMLZMK #U 43221_ Acquired 62 matter. 43228_ Acquired Com. HERF Cannon. 43248_ AO&F:CY7>A G>E<#B,C2Y2QML&AGCOR Y 0GNNHM3IOU0ETVEW [Achievement: Commander 0b11] [Achievement: Victory By Combat] Map ----- +----------------------------------------------------+ | #######??#[#######"#"## ####+ ! #### "" " | | ?????????# #???######## # ## ##?# " """ | | ?????????# #???# * # # ##?###?# """ | | ?????????# #???# # # "" #????#?######### | | ##########=#???# # #""" #????#?????????? | | %% ##### "T #????########### | | % ####### + # #""" #??????????????? | | %=####### # # "" #??????????????? | | # # + #= # #??????????????? | | % % # # # #% #??????????????? | | " # # ####### ########??????????????? | | "" %+ # #?????????????????????? | | "" %=# # # #?????????????????????? | | " ####### ##?????????????????????? | | % ###### # ##??????????????????????? | | ######"% ######## #???????????????????????? | | ####### # # #???????????????????????? | | " # ## # # #???????????????????????? | | "" # ## + # #???????????????????????? | | "" # ## # ! # #???????????????????????? | | " + ## ######## #???????????????????????? | | # #! # ## #???????????????????????? | | ###### # ## #???????????????????????? | | + ## ###?????????????????????? | | ####+###### # ## #?????????????????????? | | # ## # ## @ #?????????????????????? | | # ######## ## #?????????????????????? | | # #??????# #######?????????????????????? | | # #??????# #???????????????????????????? | | # #??????# #???????????????????????????? | | # #??????######???????????????????????????? | | # #???????????????????????????????????????? | | # #???????????????????????????????????????? | | # ! #???????????????????????????????????????? | | ##########???????????????????????????????????????? | | ?????????????????????????????????????????????????? | | ?????????????????????????????????????????????????? | | ?????????????????????????????????????????????????? | | ?????????????????????????????????????????????????? | | ?????????????????????????????????????????????????? | | ?????????????????????????????????????????????????? | | ?????????????????????????????????????????????????? | | ?????????????????????????????????????????????????? | | ?????????????????????????????????????????????????? | | ?????????????????????????????????????????????????? | | ?????????????????????????????????????????????????? | | ?????????????????????????????????????????????????? | | ?????????????????????????????????????????????????? | | ?????????????????????????????????????????????????? | | ?????????????????????????????????????????????????? | +----------------------------------------------------+ Best States ------------- Heat Dissipation 166 Energy Generation 103 Energy Capacity 1940 Matter Stores 300 Matter Capacity 800 Sight Range 24 Terrain Scan Range 24 Terrain Scan Density 2010 Jamming Range 22 Cloak Strength 4 Power Amplification 30 Additional Mass Support 20 Armor Coverage 1200 Resistance: KI 30 Resistance: TH 50 Resistance: EX 15 Resistance: EM 15 Resistance: I 15 Resistance: S 15 Resistance: P 15 Power Shielding 90 Weapon Shielding 100 Phase Shifting 20 Evasion (%) 60 Targeting Accuracy 20 Core Analysis 8 Recoil Reduction 4 Energy Filtering 50 Particle Charging 30 Kinecelleration 30 Offensive Hacking 14 Item Schematics ----------------- Lrg. Storage Unit | -10/Materials | Hacked Imp. EM Pulse Cannon | -7/Factory | Hacked Assault Drone Bay | -5/Zhirov | Free Exp. Heat Sink | -5/Zhirov | Free Exp. Optical Array | -5/Zhirov | Free Imp. Arc Thrower | -5/Zhirov | Free Imp. Matter Compressor | -3/Testing | Archive Exp. Focal Shield | -3/Testing | Archive Exp. Coolant Injector | -3/Testing | Archive Imp. Energy Well | -3/Testing | Archive Exp. Matter Compressor | -3/Testing | Archive Imp. Diametric Drive | -3/Testing | Archive Coolant Network | -2/Quarantine | Archive Adv. Particle Accelerator | -2/Quarantine | Archive Cld. Impulse Thruster | -2/Section 7 | Archive Robot Schematics ------------------ O-32 Director | -3/Testing | Archive G-73 Enforcer | -2/Quarantine | Archive K-01 Serf | -2/Section 7 | Archive Fabricated ------------ Lgt. Antimatter Reactor | x2 | -7/Factory | Preloaded Alien Tech Used ----------------- Integrated Reactor Integrated Mediator Dimensional Node Initializer Transdimensional Reconstructor Subatomic Replicator Phase Armor Achievements -------------- Commander 0b11 Corridor Of Doom Poison In The Code Revolutionary Research Victory By Combat void main() Challenges ------------ None Game ------ Seed TerrabombReflectiveArmor Manual? 0 Play Time 04:59:40 Cumulative 395.3 hours Start 2022.05.13 @ 22:17:21 End 2022.05.16 @ 22:49:58 Sessions 13 Manual Loads 0 Difficulty Rogue Special Mode None Game No. 533 Rogue 533 Adventurer 0 Explorer 0 Win Type 1 Total 8 Types 5/1/1/1/0/0/0/0/0 Lore% 84 Gallery% 88 Achievement% 73 Wizard Run 0 Options --------- ASCII 0 Keyboard 1 Movement Numpad Keybinds 0 Fullscreen 2 Font 24/Smallcaps Map View 76x50 Tactical HUD 1 Map Filters NONE Filters NONE Steam 1 RUN: c57e9b9c-7c1d-49c9-b36d-8c57e696ee06